 Dungeon Crawl Stone Soup version 0.29.0-4-gdea44cf6ec (webtiles) character file.

Game seed: 13422723013314150410

181878 qw the Severer (level 15, -3/116 (147) HPs)
             Began as a Minotaur Fighter on Sept 5, 2022.
             Was the Champion of Ru.
             Hit by a silver javelin thrown by a merfolk javelineer (12 damage)
             ... on level 4 of the Shoals.
             The game lasted 00:16:15 (41147 turns).

qw the Severer (Minotaur Fighter)                  Turns: 41147, Time: 00:16:16

HP:   -3/116 (147)  AC: 25    Str: 31    XL:     15   Next: 69%
MP:   7/14          EV: 15    Int:  5    God:    Ru [******]
Gold: 647           SH: 15    Dex: 18    Spells: 14/14 levels left

rFire   + . .      SeeInvis +   Y - +8 broad axe (venom)
rCold   . . .      Faith    .   w - +1 kite shield {rPois}
rNeg    . . .      Spirit   .   v - +2 storm dragon scales
rPois   +          Reflect  .   (helmet restricted)
rElec   +          Harm     .   n - scarf {rC+ rF+}
rCorr   .          Rampage  +   p - +2 pair of gloves {Str+3}
Will    ++++.                   m - +2 pair of boots {rampage}
Stlth   ..........              f - amulet of the acrobat
HPRegen 0.29/turn               z - ring of Rofis {rPois rC- Will+++ Dex+8 Stlth-}
MPRegen 0.14/turn               e - ring of see invisible

@: exhausted, spiked, heavily drained, very slow
A: horns 2, no stealth, hated by all, unskilled 1, inexperienced 2, retaliatory
headbutt
a: Renounce Religion, Draw Out Power, Power Leap, Apocalypse


You were on level 4 of the Shoals.
You worshipped Ru.
Ru was exalted by your worship.
You visited 6 branches of the dungeon, and saw 30 of its levels.
You also visited: Sewer.

You collected 3108 gold pieces.
You spent 2461 gold pieces at shops.


Innate Abilities, Weirdness & Mutations

You have a pair of horns on your head.
You cannot be stealthy.
You are hated by all.
You are somewhat unskilled. (-1 Apt)
You are inexperienced. (-2 XL)
You reflexively headbutt those who attack you in melee.


   Skills:
 - Level 17.0 Fighting
 - Level 19.0 Axes
 - Level 9.0 Throwing
 + Level 14.0 Armour
 - Level 11.0 Dodging
 - Level 16.0 Shields


You had 14 spell levels left.
You didn't know any spells.
Your spell library was empty.

Inventory:

Hand Weapons
 k - a +0 morningstar
 Y - a +8 broad axe of venom (weapon)
Missiles
 c - 4 javelins
 o - 7 boomerangs
 t - a silver javelin (quivered)
 B - 3 boomerangs of dispersal
Armour
 l - a +1 cloak
 m - a +2 pair of boots of rampaging (worn)
 n - a scarf of resistance (worn)
 p - a +2 pair of gloves of strength (worn)
 v - +2 storm dragon scales (worn)
 w - a +1 kite shield of poison resistance (worn)
Jewellery
 e - a ring of see invisible (right hand)
 f - an amulet of the acrobat (around neck)
 q - a ring of protection from fire
 r - an amulet of regeneration
 u - a +6 ring of strength
 x - a +4 ring of evasion
 y - the ring of Heicvol {rF+ rN+ Int+2}
   (You bought it in a shop on level 2 of the Orcish Mines)

   [ring of positive energy]

   Int:       It affects your intelligence (+2).
   rF:        It protects you from fire.
   rN:        It protects you from negative energy.
 z - the ring of Rofis (left hand) {rPois rC- Will+++ Dex+8 Stlth-}
   (You bought it in a shop on level 2 of the Orcish Mines)

   [ring of poison resistance]

   Dex:       It affects your dexterity (+8).
   rC:        It makes you vulnerable to cold.
   rPois:     It protects you from poison.
   Will:      It greatly increases your willpower.
   Stlth:     It makes you less stealthy.
 A - a ring of poison resistance
Scrolls
 a - 10 scrolls of identify
 g - 6 scrolls of teleportation
Potions
 b - 6 potions of haste
 d - 3 potions of might
 h - 14 potions of curing
 i - a potion of heal wounds
 j - 6 potions of mutation
 s - a potion of cancellation

Dungeon Overview and Level Annotations

Branches:
Dungeon (15/15)            Temple (1/1) D:5            Lair (5/5) D:10
 Shoals (4/4) Lair:2        Snake (3/4) Lair:3        Slime (0/5) Lair:5
    Orc (2/2) D:12            Elf (0/3) Orc:2        Vaults (0/5) D:13
 Depths (0/4) D:15          Sewer (visited)

Altars:
Ashenzari
Cheibriados
Dithmenos
Elyvilon
Gozag
Kikubaaqudgha
Makhleb
Nemelex Xobeh
Okawaru
Qazlal
Ru
Sif Muna
Trog
Uskayaw
Vehumet
Wu Jian
Zin
The Shining One
Lugonu

Shops:
D:1 :   D:6 (   D:8 [   Orc:2 *(=*   Snake:1 =

Portals:
Trove: D:13 (give horn of Geryon)

Annotations:
D:5 3 runed translucent doors, qw's ghost, novice GrFi
D:11 2 transporters
D:12 1 runed translucent door
Lair:1 1 runed translucent door


Message History

The javelin pierces through the merfolk!
The satyr plays a rousing melody on his pipes!
The faun goes into a battle-frenzy!
A faun comes into view. It is wielding a +0 spear.
The merfolk hits you from afar with a +0 trident!
You block the merfolk's attack.
The merfolk siren begins to cast a spell, but is stunned by your conviction!
The merfolk hits you from afar with a +0 trident!
The merfolk siren chants a haunting song.
You resist with almost no effort.
You closely miss the merfolk.
The merfolk is almost dead.
The faun unwields a +1 quarterstaff of speed.
The faun wields a +0 vorpal sling.
The faun shoots a sling bullet.
You block the sling bullet.
The merfolk javelineer throws a javelin.
The javelin pierces through you.
The javelin pierces through the merfolk!
The merfolk dies!
You hear a splash. x2
The merfolk javelineer throws a silver javelin.
The silver javelin pierces through you.
You redirect the satyr's attack!
The barbs in your skin will harm you if you move.
Rampaging like this could really hurt!
Continue?
You rampage towards the merfolk javelineer!
The barbed spikes dig painfully into your body as you move.
Your unstable footing causes you to fumble your attack.
You block the merfolk's attack. The merfolk completely misses you.
The merfolk hits you with a +0 trident!
You focus your inner power and slow the merfolk in retribution!
The merfolk siren chants a haunting song.
You resist with almost no effort. The manticore closely misses you.
You furiously retaliate!
You headbutt the manticore, but do no damage.
The manticore closely misses you. The manticore barely misses you.
The merfolk javelineer throws a javelin.
The javelin pierces through you!!
The merfolk javelineer throws a silver javelin.
The silver javelin pierces through you!
You die...

.......~~~~...~
......~~~~~..~~
......~~~~~~~~P~
......~~~~~PP~~~~~P~
.......~~~~~~~~~~~~~~
...m.....~~~~~~~.~P~~
.....mmmH~~~~~~~....~
.....m)@~~~~~~.......
......~~~~~~~........
....P.~~~~~~.........
......~~~~~.<........
......~~~~~..........
#....................
#...c.#####..........
#mcc.. ###m......#
....## .##.....#


You could see 2 merfolk javelineers, a satyr, 3 merfolk, 2 fauns, a manticore
and 2 merfolk sirens.

Vanquished Creatures
  A tentacled monstrosity (Snake:3)
  Mlioglotl (Snake:2)
  Frances (Snake:2)
  A thorn hunter (Snake:3)
  Roxanne (Shoals:1)
  Ilsuiw (Shoals:3)
  2 orc warlords
  A ghost moth (shapeshifter) (D:13)
  A very ugly thing (Snake:1)
  4 dire elephants
  2 merfolk impalers
  2 merfolk javelineers (Shoals:3)
  Snorg (D:12)
  3 boulder beetles
  Fannar (Lair:2)
  A catoblepas (Lair:2)
  7 centaur warriors
  Erica (D:11)
  7 two-headed ogres
  9 hydras
  2 merfolk avatars
  A death knight (D:14)
  4 anacondas
  4 naga warriors
  5 alligators (Snake:3)
  10 death yaks
  4 orc high priests (Orc:2)
  A tengu warrior (D:13)
  A satyr (Shoals:3)
  6 shock serpents
  2 hell knights (D:12)
  6 naga sharpshooters
  9 skeletal warriors
  A salamander mystic (Snake:3)
  A goliath frog (Snake:3)
  2 spectral death yaks (Lair:5)
  3 naga ritualists
  4 necromancers
  4 sea snakes
  2 wizards
  2 harpies (Shoals:1)
  Pikel (D:7)
  7 orc knights
  3 oklob plants
  3 deep elf pyromancers
  3 salamanders
  7 orc sorcerers
  19 ugly things
  6 mana vipers
  8 cyclopes
  15 fauns
  A salamander (shapeshifter) (D:13)
  10 manticores
  Joseph (D:8)
  7 naga magi
  20 black mambas
  8 merfolk sirens
  25 elephants
  A rust devil (D:12)
  13 cane toads
  A gargoyle (D:12)
  2 freezing wraiths (D:14)
  2 rime drakes
  3 tengu conjurers
  11 komodo dragons
  2 polar bears
  12 trolls
  3 wind drakes
  A troll (shapeshifter) (D:15)
  14 merfolk
  10 snapping turtles
  11 dream sheep
  14 blink frogs
  2 spectral elephants (Lair:5)
  7 slime creatures
  Sigmund (D:2)
  A vampire (D:10)
  4 wyverns
  A hog (shapeshifter) (D:13)
  4 water elementals
  3 wraiths
  Grum (D:10)
  92 yaks
  A death yak simulacrum (Lair:5)
  3 basilisks
  19 vampire mosquitoes
  3 swamp worms (Snake:3)
  2 steam dragons
  Menkaure (D:7)
  15 nagas
  17 wargs
  6 hell hounds (D:12)
  19 water moccasins
  3 acid dragons
  A black bear (shapeshifter) (D:13)
  2 sky beasts
  48 orc warriors
  2 black bears
  2 swamp drakes (Snake:3)
  An ice beast (D:7)
  11 wolves
  An elephant zombie (Lair:5)
  15 centaurs
  10 ogres
  2 lemures (D:7)
  2 phantoms (D:5)
  5 kobold brigands
  12 bullfrogs
  3 scorpions
  2 necrophages
  10 killer bees
  7 howler monkeys
  3 electric eels
  34 orc priests
  2 gnoll boudas
  2 jellies
  4 iguanas
  26 orc wizards
  18 gnolls
  2 river rats
  12 adders
  4 white imps
  An ufetubus (D:5)
  9 worms
  4 dart slugs
  118 orcs
  12 ball pythons
  9 endoplasms
  5 giant cockroaches
  2 hobgoblins (D:1)
  5 jackals
  8 quokkas
  7 bats
  3 frilled lizards
  9 goblins
  18 kobolds
  11 rats
  2 butterflies (Lair:2)
1037 creatures vanquished.

Vanquished Creatures (others)
  A hydra (Lair:5)
  A tengu warrior (D:13)
  A spectral anaconda (Lair:5)
  A harpy (Shoals:1)
  A salamander (Snake:3)
  An orc sorcerer (Orc:2)
  A merfolk (Shoals:4)
  A snapping turtle (Shoals:1)
  A water elemental (Shoals:3)
  A yak (Lair:5)
  A vampire mosquito (D:15)
  A death yak simulacrum (Lair:5)
  An ogre (Orc:2)
  A river rat (D:10)
  An orc (Orc:2)
  49 fungi
  187 plants
  6 toadstools (D:5)
  38 withered plants (Lair:5)
295 creatures vanquished.

Grand Total: 1332 creatures vanquished

Notes
Turn   | Place    | Note
-------+----------+-------------------------------------------
     0 | D:1      | qw the Minotaur Fighter began the quest for the Orb.
     0 | D:1      | Reached XP level 1. HP: 19/19 MP: 0/0
     0 | D:1      | 0 ||| qw: Version: 0.1-a-104-g96f76f8
     0 | D:1      | 0 ||| qw: Game counter: 5840
     0 | D:1      | 0 ||| qw: Always use a shield: true
     0 | D:1      | 0 ||| qw: God list: Ru
     0 | D:1      | 0 ||| qw: Allow faded altars: false
     0 | D:1      | 0 ||| qw: Do Orc after D:15 true
     0 | D:1      | 0 ||| qw: Do second Lair branch before Depths: true
     0 | D:1      | 0 ||| qw: Lair rune preference: random
     0 | D:1      | 0 ||| qw: Plans: Normal
     0 | D:1      | 0 ||| PLANNING D:1-11
    37 | D:1      | Found Efamp's Book Shop.
    54 | D:1      | Found a faded altar of an unknown god.
    68 | D:1      | Reached skill level 3 in Axes
   164 | D:1      | 164 ||| Stepping ~*~*~tactically~*~*~ (hiding).
   170 | D:1      | Reached XP level 2. HP: 26/26 MP: 1/1
   233 | D:1      | Reached skill level 4 in Axes
   233 | D:1      | Reached XP level 3. HP: 27/31 MP: 2/2
   656 | D:1      | 656 ||| Stepping ~*~*~tactically~*~*~ (stealth).
   668 | D:1      | 668 ||| Stepping ~*~*~tactically~*~*~ (stealth).
   692 | D:1      | 692 ||| Stepping ~*~*~tactically~*~*~ (stealth).
   732 | D:1      | 732 ||| DROPPING +0 club.
  1157 | D:1      | 1157 ||| READING 2 scrolls labelled QIEMUT INTUKI.
  1158 | D:1      | 1158 ||| READING 3 scrolls labelled DADDUP HOPNAGO.
  1161 | D:1      | 1161 ||| DROPPING scroll of magic mapping.
  1321 | D:2      | Reached skill level 5 in Axes
  1507 | D:2      | 1507 ||| Stepping ~*~*~tactically~*~*~ (stealth).
  1513 | D:2      | Reached XP level 4. HP: 38/39 MP: 3/3
  1516 | D:2      | Reached skill level 1 in Dodging
  1519 | D:2      | Noticed Sigmund
  1520 | D:2      | 1520 ||| Stepping ~*~*~tactically~*~*~ (stealth).
  1537 | D:2      | 1537 ||| Stepping ~*~*~tactically~*~*~ (stealth).
  1549 | D:2      | Killed Sigmund
  1550 | D:2      | Reached skill level 7 in Axes
  1550 | D:2      | Reached XP level 5. HP: 23/45 MP: 4/4
  1938 | D:2      | 1938 ||| FLEEEEING.
  1939 | D:2      | 1939 ||| FLEEEEING.
  1940 | D:2      | 1940 ||| FLEEEEING.
  1976 | D:2      | 1976 ||| Stepping ~*~*~tactically~*~*~ (stealth).
  1980 | D:2      | 1980 ||| Stepping ~*~*~tactically~*~*~ (stealth).
  1984 | D:2      | 1984 ||| Stepping ~*~*~tactically~*~*~ (hiding).
  1997 | D:2      | Reached XP level 6. HP: 35/52 MP: 5/5
  2266 | D:2      | 2266 ||| UPGRADING to +0 cloak.
  2271 | D:2      | 2271 ||| READING 3 scrolls labelled YNIGIR ELAWKU.
  2272 | D:2      | 2272 ||| READING scroll labelled LEHIYSTATHRU.
  2273 | D:2      | 2273 ||| READING scroll labelled DUZXIN NUADGH.
  2274 | D:2      | 2274 ||| READING 2 scrolls of identify.
  2274 | D:2      | 2274 ||| IDENTIFYING grey potion
  2275 | D:2      | 2275 ||| DRINKING potion of experience.
  2275 | D:2      | Reached skill level 16 in Axes
  2275 | D:2      | Reached XP level 7. HP: 59/59 MP: 6/6
  2526 | D:3      | 2526 ||| Stepping ~*~*~tactically~*~*~ (stealth).
  2528 | D:3      | 2528 ||| Stepping ~*~*~tactically~*~*~ (stealth).
  2533 | D:3      | 2533 ||| DROPPING +0 mace.
  2895 | D:3      | Found an iron altar of Okawaru.
  2937 | D:3      | 2937 ||| READING scroll of enchant armour.
  2937 | D:3      | 2937 ||| ENCHANTING +0 cloak.
  3021 | D:3      | 3021 ||| Stepping ~*~*~tactically~*~*~ (stealth).
  3141 | D:3      | 3141 ||| UPGRADING to amulet of the acrobat.
  3146 | D:3      | 3146 ||| UPGRADING to +4 ring of evasion.
  3147 | D:3      | 3147 ||| DRINKING 3 fuming puce potions.
  3148 | D:3      | 3148 ||| DRINKING 2 silvery potions.
  3149 | D:3      | 3149 ||| READING 3 scrolls of identify.
  3149 | D:3      | 3149 ||| IDENTIFYING lumpy sapphire potion
  3150 | D:3      | 3150 ||| READING 2 scrolls of identify.
  3150 | D:3      | 3150 ||| IDENTIFYING black potion
  3151 | D:3      | 3151 ||| DROPPING potion of brilliance.
  3297 | D:4      | Reached skill level 1 in Throwing
  3725 | D:4      | 3725 ||| UPGRADING to +0 plate armour.
  3735 | D:4      | 3735 ||| DROPPING +0 scale mail.
  3736 | D:4      | 3736 ||| READING 2 scrolls labelled QEYFICLIERE.
  3737 | D:4      | 3737 ||| READING scroll labelled OSOMAN DOAKEF.
  3738 | D:4      | 3738 ||| READING scroll labelled ZOTWEATOCK.
  3739 | D:4      | 3739 ||| DROPPING scroll of vulnerability.
  3740 | D:4      | 3740 ||| READING 4 scrolls of teleportation.
  3769 | D:5      | Entered Level 5 of the Dungeon
  3773 | D:5      | 3773 ||| STAIRDANCE
  3781 | D:5      | Reached XP level 8. HP: 68/68 MP: 7/7
  3790 | D:5      | 3790 ||| STAIRDANCE
  3953 | D:5      | Found a runed translucent gate.
  4015 | D:5      | Noticed a hornet
  4017 | D:5      | Noticed qw's ghost (novice GrFi)
  4018 | D:5      | Found a runed translucent gate.
  4087 | D:5      | Found a runed translucent gate.
  4196 | D:5      | 4196 ||| DROPPING +1 hand axe of electrocution.
  4287 | D:5      | 4287 ||| Stepping ~*~*~tactically~*~*~ (stealth).
  4291 | D:5      | 4291 ||| FLEEEEING.
  4292 | D:5      | 4292 ||| FLEEEEING.
  4293 | D:5      | 4293 ||| FLEEEEING.
  4294 | D:5      | 4294 ||| FLEEEEING.
  4295 | D:5      | 4295 ||| FLEEEEING.
  4296 | D:5      | 4296 ||| FLEEEEING.
  4297 | D:5      | 4297 ||| FLEEEEING.
  4298 | D:5      | 4298 ||| FLEEEEING.
  4299 | D:5      | 4299 ||| FLEEEEING.
  4300 | D:5      | 4300 ||| FLEEEEING.
  4301 | D:5      | 4301 ||| STAIRDANCE
  4442 | D:4      | 4442 ||| READING 2 scrolls of identify.
  4442 | D:4      | 4442 ||| IDENTIFYING blue potion
  4443 | D:4      | 4443 ||| DROPPING potion of magic.
  4446 | D:5      | 4446 ||| STAIRDANCE
  4537 | D:5      | Reached skill level 6 in Fighting
  4547 | D:5      | 4547 ||| Stepping ~*~*~tactically~*~*~ (hiding).
  4549 | D:5      | 4549 ||| Stepping ~*~*~tactically~*~*~ (hiding).
  4553 | D:5      | 4553 ||| Stepping ~*~*~tactically~*~*~ (hiding).
  4577 | D:5      | 4577 ||| Stepping ~*~*~tactically~*~*~ (stealth).
  4770 | D:5      | Found a staircase to the Ecumenical Temple.
  4771 | D:5      | 4771 ||| PLANNING TEMPLE
  4771 | D:5      | 4771 ||| DRINKING 5 glowing clear potions.
  4819 | D:5      | 4819 ||| DROPPING 4 potions of lignification.
  4841 | Temple   | Entered the Ecumenical Temple
  4914 | Temple   | Became a worshipper of Ru the Awakened
  4926 | Temple   | 4926 ||| PLANNING D:1-11
  5069 | D:5      | 5069 ||| READING 3 scrolls of teleportation.
  5112 | D:6      | 5112 ||| PLANNING SEWER
  5113 | D:6      | Found an opulent altar of Gozag.
  5186 | D:6      | Identified the +0 chain mail of Mutualism {Dex+2}
  5203 | D:6      | 5203 ||| Stepping ~*~*~tactically~*~*~ (hiding).
  5205 | D:6      | 5205 ||| Stepping ~*~*~tactically~*~*~ (hiding).
  5215 | D:6      | Found a blossoming altar of Fedhas.
  5305 | D:6      | Reached XP level 9. HP: 75/75 MP: 8/8
  5376 | D:6      | Found a glowing drain.
  5377 | D:6      | 5377 ||| DROPPING +0 chain mail of Mutualism {Dex+2}.
  5378 | D:6      | 5378 ||| READING 2 scrolls of identify.
  5378 | D:6      | 5378 ||| IDENTIFYING orange potion
  5392 | D:6      | 5392 ||| Stepping ~*~*~tactically~*~*~ (water).
  5406 | Sewer    | Entered a sewer
  5408 | Sewer    | 5408 ||| Stepping ~*~*~tactically~*~*~ (stealth).
  5610 | Sewer    | 5610 ||| Stepping ~*~*~tactically~*~*~ (stealth).
  5615 | Sewer    | 5615 ||| Stepping ~*~*~tactically~*~*~ (stealth).
  5626 | Sewer    | 5626 ||| Stepping ~*~*~tactically~*~*~ (water).
  5783 | Sewer    | 5783 ||| READING scroll labelled KUUL HUFFUCET.
  5784 | Sewer    | 5784 ||| READING scroll labelled URACHO ERUEKUEKU.
  5812 | D:6      | 5812 ||| PLANNING D:1-11
  5899 | D:6      | 5899 ||| Stepping ~*~*~tactically~*~*~ (stealth).
  5914 | D:6      | HP: 19/79 [killer bee (4)]
  5915 | D:6      | 5915 ||| READING 3 scrolls of teleportation.
  5916 | D:6      | 5916 ||| DRINKING potion of heal wounds.
  5919 | D:6      | HP: 19/79 [poisoned by a killer bee]
  5924 | D:6      | HP: 8/79 [poisoned by a killer bee]
  5929 | D:6      | HP: 4/79 [poisoned by a killer bee]
  6322 | D:6      | Found Pyloxtyps's Weapon Shop.
  6329 | D:6      | 6329 ||| BUYING +0 morningstar (40 gold).
  6329 | D:6      | Bought a +0 morningstar for 40 gold pieces
  6329 | D:6      | 6329 ||| INVOKING Sacrifice Love.
  6329 | D:6      | Gained mutation: You are hated by all. [Ru sacrifice]
  6329 | D:6      | Reached * piety under Ru
  6329 | D:6      | Reached ** piety under Ru
  6330 | D:6      | 6330 ||| DROPPING +0 flail.
  6501 | D:6      | Reached skill level 6 in Armour
  6690 | D:6      | 6690 ||| DRINKING 7 potions of curing.
  6690 | D:6      | 6690 ||| (to cure confusion)
  6717 | D:6      | Found a shimmering blue altar of Sif Muna.
  6721 | D:6      | 6721 ||| DRINKING 6 potions of curing.
  6721 | D:6      | 6721 ||| (to cure confusion)
  6728 | D:6      | 6728 ||| Stepping ~*~*~tactically~*~*~ (cloud).
  7131 | D:6      | 7131 ||| UPGRADING to ring of see invisible.
  7433 | D:7      | 7433 ||| Stepping ~*~*~tactically~*~*~ (hiding).
  7585 | D:7      | 7585 ||| Stepping ~*~*~tactically~*~*~ (hiding).
  7791 | D:7      | Noticed Menkaure
  7792 | D:7      | 7792 ||| Stepping ~*~*~tactically~*~*~ (hiding).
  7793 | D:7      | 7793 ||| Stepping ~*~*~tactically~*~*~ (hiding).
  7801 | D:7      | Killed Menkaure
  7813 | D:7      | 7813 ||| FLEEEEING.
  7861 | D:7      | 7861 ||| Stepping ~*~*~tactically~*~*~ (stealth).
  7871 | D:7      | Noticed Pikel
  7890 | D:7      | Killed Pikel
  7891 | D:7      | Reached skill level 6 in Shields
  7891 | D:7      | Reached XP level 10. HP: 63/88 MP: 9/9
  8130 | D:7      | 8130 ||| Stepping ~*~*~tactically~*~*~ (cloud).
  8131 | D:7      | 8131 ||| Stepping ~*~*~tactically~*~*~ (cloud).
  8294 | D:7      | 8294 ||| READING scroll labelled XILYIJ BAPN.
  8294 | D:7      | Identified a scroll of acquirement
  8294 | D:7      | 8294 ||| ACQUIRING +0 vorpal broad axe
  8294 | D:7      | Acquired a +0 vorpal broad axe
  8296 | D:7      | 8296 ||| SWAPPING to +0 vorpal broad axe.
  8297 | D:7      | 8297 ||| DROPPING +1 war axe.
  8298 | D:7      | 8298 ||| READING 2 scrolls of identify.
  8298 | D:7      | 8298 ||| IDENTIFYING cyan potion
  8299 | D:7      | 8299 ||| DROPPING potion of degeneration.
  8430 | D:8      | 8430 ||| READING scroll of enchant weapon.
  8430 | D:8      | 8430 ||| ENCHANTING +0 vorpal broad axe.
  8520 | D:8      | Noticed Joseph
  8535 | D:8      | Killed Joseph
  8652 | D:8      | Found Noyska's Antique Armour Shop.
  8659 | D:8      | 8659 ||| BUYING runed scarf (184 gold).
  8659 | D:8      | Bought a runed scarf for 184 gold pieces
  8659 | D:8      | 8659 ||| SHOPLISTING shiny plate armour (598 gold, have
                  | 479).
  8782 | D:8      | 8782 ||| INVOKING Sacrifice Experience.
  8782 | D:8      | Gained mutation: You are somewhat inexperienced. (-1 XL)
                  | [Ru sacrifice]
  8782 | D:8      | Reached XP level 9. HP: 82/82 MP: 8/8
  8782 | D:8      | Reached *** piety under Ru
  8965 | D:8      | 8965 ||| UPGRADING to scarf of resistance.
  8975 | D:8      | 8975 ||| DRINKING 2 smoky brown potions.
  8976 | D:8      | 8976 ||| READING 2 scrolls of identify.
  8976 | D:8      | 8976 ||| IDENTIFYING golden potion
  8977 | D:8      | 8977 ||| DROPPING potion of flight.
  9103 | D:9      | 9103 ||| Stepping ~*~*~tactically~*~*~ (hiding).
  9209 | D:9      | Found a snail-covered altar of Cheibriados.
  9338 | D:9      | Reached skill level 9 in Fighting
  9340 | D:9      | 9340 ||| FLEEEEING.
  9341 | D:9      | 9341 ||| FLEEEEING.
  9342 | D:9      | 9342 ||| FLEEEEING.
  9343 | D:9      | 9343 ||| FLEEEEING.
  9344 | D:9      | 9344 ||| FLEEEEING.
  9345 | D:9      | 9345 ||| FLEEEEING.
  9347 | D:9      | 9347 ||| FLEEEEING.
  9348 | D:9      | 9348 ||| FLEEEEING.
  9349 | D:9      | 9349 ||| FLEEEEING.
  9350 | D:9      | 9350 ||| FLEEEEING.
  9351 | D:9      | 9351 ||| FLEEEEING.
  9352 | D:9      | 9352 ||| FLEEEEING.
  9353 | D:9      | 9353 ||| FLEEEEING.
  9354 | D:9      | 9354 ||| FLEEEEING.
  9355 | D:9      | 9355 ||| FLEEEEING.
  9356 | D:9      | 9356 ||| FLEEEEING.
  9357 | D:9      | 9357 ||| FLEEEEING.
  9358 | D:9      | 9358 ||| FLEEEEING.
  9359 | D:9      | 9359 ||| FLEEEEING.
  9360 | D:9      | 9360 ||| FLEEEEING.
  9361 | D:9      | 9361 ||| FLEEEEING.
  9362 | D:9      | 9362 ||| FLEEEEING.
  9363 | D:9      | 9363 ||| FLEEEEING.
  9364 | D:9      | 9364 ||| FLEEEEING.
  9365 | D:9      | 9365 ||| FLEEEEING.
  9366 | D:9      | 9366 ||| FLEEEEING.
  9367 | D:9      | 9367 ||| FLEEEEING.
  9368 | D:9      | 9368 ||| FLEEEEING.
  9369 | D:9      | 9369 ||| FLEEEEING.
  9370 | D:9      | 9370 ||| FLEEEEING.
  9371 | D:9      | 9371 ||| FLEEEEING.
  9372 | D:9      | 9372 ||| FLEEEEING.
  9373 | D:9      | 9373 ||| FLEEEEING.
  9374 | D:9      | 9374 ||| FLEEEEING.
  9375 | D:9      | 9375 ||| FLEEEEING.
  9376 | D:9      | 9376 ||| FLEEEEING.
  9377 | D:9      | 9377 ||| FLEEEEING.
  9378 | D:9      | 9378 ||| FLEEEEING.
  9379 | D:9      | 9379 ||| FLEEEEING.
  9380 | D:9      | 9380 ||| FLEEEEING.
  9381 | D:9      | 9381 ||| FLEEEEING.
  9382 | D:9      | 9382 ||| FLEEEEING.
  9383 | D:9      | 9383 ||| FLEEEEING.
  9384 | D:9      | 9384 ||| FLEEEEING.
  9385 | D:9      | 9385 ||| FLEEEEING.
  9386 | D:9      | 9386 ||| FLEEEEING.
  9387 | D:9      | 9387 ||| FLEEEEING.
  9388 | D:9      | 9388 ||| FLEEEEING.
  9389 | D:9      | 9389 ||| FLEEEEING.
  9390 | D:9      | 9390 ||| FLEEEEING.
  9391 | D:9      | 9391 ||| FLEEEEING.
  9392 | D:9      | 9392 ||| FLEEEEING.
  9394 | D:9      | 9394 ||| FLEEEEING.
  9395 | D:9      | 9395 ||| FLEEEEING.
  9396 | D:9      | 9396 ||| FLEEEEING.
  9397 | D:9      | 9397 ||| FLEEEEING.
  9398 | D:9      | 9398 ||| FLEEEEING.
  9399 | D:9      | 9399 ||| FLEEEEING.
  9400 | D:9      | 9400 ||| FLEEEEING.
  9401 | D:9      | 9401 ||| FLEEEEING.
  9402 | D:9      | 9402 ||| FLEEEEING.
  9403 | D:9      | 9403 ||| FLEEEEING.
  9404 | D:9      | 9404 ||| FLEEEEING.
  9405 | D:9      | 9405 ||| FLEEEEING.
  9406 | D:9      | 9406 ||| FLEEEEING.
  9407 | D:9      | 9407 ||| FLEEEEING.
  9408 | D:9      | 9408 ||| STAIRDANCE
  9635 | D:9      | 9635 ||| Stepping ~*~*~tactically~*~*~ (stealth).
  9641 | D:9      | Reached skill level 3 in Dodging
 10370 | D:10     | Entered Level 10 of the Dungeon
 10513 | D:10     | 10513 ||| READING scroll of enchant weapon.
 10513 | D:10     | 10513 ||| ENCHANTING +1 vorpal broad axe.
 10542 | D:10     | 10542 ||| Stepping ~*~*~tactically~*~*~ (stealth).
 10549 | D:10     | Reached skill level 17 in Axes
 10570 | D:10     | 10570 ||| Stepping ~*~*~tactically~*~*~ (stealth).
 10575 | D:10     | Noticed Grum
 10580 | D:10     | Killed Grum
 10740 | D:10     | Noticed a death yak
 10741 | D:10     | Noticed a death yak
 10743 | D:10     | Noticed a death yak
 10752 | D:10     | Killed a death yak
 10753 | D:10     | Reached XP level 10. HP: 71/93 MP: 9/9
 10758 | D:10     | Killed a death yak
 10761 | D:10     | Killed a death yak
 10763 | D:10     | 10763 ||| FLEEEEING.
 10764 | D:10     | 10764 ||| FLEEEEING.
 10765 | D:10     | 10765 ||| FLEEEEING.
 10772 | D:10     | 10772 ||| FLEEEEING.
 10773 | D:10     | 10773 ||| FLEEEEING.
 10774 | D:10     | 10774 ||| FLEEEEING.
 10775 | D:10     | 10775 ||| FLEEEEING.
 10787 | D:10     | 10787 ||| FLEEEEING.
 10788 | D:10     | 10788 ||| FLEEEEING.
 10789 | D:10     | 10789 ||| FLEEEEING.
 10790 | D:10     | 10790 ||| FLEEEEING.
 10791 | D:10     | 10791 ||| FLEEEEING.
 10800 | D:10     | 10800 ||| FLEEEEING.
 10801 | D:10     | 10801 ||| FLEEEEING.
 10802 | D:10     | 10802 ||| FLEEEEING.
 10803 | D:10     | 10803 ||| FLEEEEING.
 10804 | D:10     | 10804 ||| FLEEEEING.
 10812 | D:10     | 10812 ||| STAIRDANCE
 10954 | D:10     | Found a staircase to the Lair.
 11008 | D:10     | 11008 ||| Stepping ~*~*~tactically~*~*~ (stealth).
 11009 | D:10     | 11009 ||| Stepping ~*~*~tactically~*~*~ (stealth).
 11012 | D:10     | 11012 ||| Stepping ~*~*~tactically~*~*~ (stealth).
 11013 | D:10     | 11013 ||| Stepping ~*~*~tactically~*~*~ (stealth).
 11076 | D:10     | Reached skill level 3 in Throwing
 11546 | D:10     | 11546 ||| INVOKING Sacrifice Experience.
 11546 | D:10     | Gained mutation: You are inexperienced. (-2 XL) [Ru
                  | sacrifice]
 11546 | D:10     | Reached XP level 9. HP: 86/86 MP: 8/8
 11546 | D:10     | Reached **** piety under Ru
 11546 | D:10     | Reached ***** piety under Ru
 11668 | D:10     | 11668 ||| PLANNING LAIR
 11668 | D:10     | 11668 ||| READING 4 scrolls of identify.
 11668 | D:10     | 11668 ||| IDENTIFYING bubbling inky potion
 11669 | D:10     | 11669 ||| DROPPING potion of attraction.
 11708 | Lair:1   | Entered Level 1 of the Lair of Beasts
 11709 | Lair:1   | 11709 ||| INVOKING Apocalypse.
 11955 | Lair:1   | Found a runed translucent door.
 12041 | Lair:1   | 12041 ||| Stepping ~*~*~tactically~*~*~ (stealth).
 12063 | Lair:1   | 12063 ||| Stepping ~*~*~tactically~*~*~ (stealth).
 12111 | Lair:1   | 12111 ||| INVOKING Apocalypse.
 12112 | Lair:1   | Reached skill level 18 in Axes
 12137 | Lair:1   | Noticed a six-headed hydra
 12393 | Lair:1   | 12393 ||| INVOKING Apocalypse.
 12411 | Lair:1   | 12411 ||| Stepping ~*~*~tactically~*~*~ (water).
 12751 | Lair:1   | 12751 ||| DROPPING ring of wizardry.
 12771 | Lair:2   | Noticed a five-headed hydra
 12772 | Lair:2   | 12772 ||| INVOKING Apocalypse.
 12772 | Lair:2   | Killed a five-headed hydra
 12773 | Lair:2   | Reached skill level 9 in Armour
 12773 | Lair:2   | Reached XP level 10. HP: 82/90 MP: 0/9
 12996 | Lair:2   | 12996 ||| Stepping ~*~*~tactically~*~*~ (stealth).
 13013 | Lair:2   | 13013 ||| INVOKING Apocalypse.
 13014 | Lair:2   | 13014 ||| SWAPPING to +0 morningstar.
 13015 | Lair:2   | Killed a six-headed hydra
 13016 | Lair:2   | 13016 ||| SWAPPING to +2 vorpal broad axe.
 13147 | Lair:2   | 13147 ||| Stepping ~*~*~tactically~*~*~ (stealth).
 13153 | Lair:2   | 13153 ||| Stepping ~*~*~tactically~*~*~ (stealth).
 13154 | Lair:2   | 13154 ||| Stepping ~*~*~tactically~*~*~ (stealth).
 13182 | Lair:2   | Reached skill level 19 in Axes
 13283 | Lair:2   | 13283 ||| INVOKING Apocalypse.
 13364 | Lair:2   | 13364 ||| Stepping ~*~*~tactically~*~*~ (stealth).
 13369 | Lair:2   | 13369 ||| Stepping ~*~*~tactically~*~*~ (stealth).
 13378 | Lair:2   | 13378 ||| FLEEEEING.
 13379 | Lair:2   | 13379 ||| FLEEEEING.
 13380 | Lair:2   | 13380 ||| FLEEEEING.
 13381 | Lair:2   | 13381 ||| FLEEEEING.
 13382 | Lair:2   | 13382 ||| FLEEEEING.
 13384 | Lair:2   | 13384 ||| FLEEEEING.
 13542 | Lair:2   | 13542 ||| Stepping ~*~*~tactically~*~*~ (stealth).
 13544 | Lair:2   | 13544 ||| Stepping ~*~*~tactically~*~*~ (hiding).
 13605 | Lair:2   | 13605 ||| Stepping ~*~*~tactically~*~*~ (stealth).
 13713 | Lair:2   | Reached skill level 12 in Fighting
 13747 | Lair:2   | 13747 ||| Stepping ~*~*~tactically~*~*~ (stealth).
 13773 | Lair:2   | 13773 ||| Stepping ~*~*~tactically~*~*~ (stealth).
 13934 | Lair:2   | 13934 ||| INVOKING Sacrifice Skill.
 13934 | Lair:2   | Gained mutation: You are somewhat unskilled. (-1 Apt) [Ru
                  | sacrifice]
 13934 | Lair:2   | Reduced skill Axes to level 17
 13934 | Lair:2   | Reduced skill Throwing to level 3
 13934 | Lair:2   | Reduced skill Dodging to level 3
 13969 | Lair:2   | 13969 ||| Stepping ~*~*~tactically~*~*~ (stealth).
 13974 | Lair:2   | 13974 ||| INVOKING Apocalypse.
 13984 | Lair:2   | Noticed Fannar
 14008 | Lair:2   | Killed Fannar
 14083 | Lair:2   | Noticed a catoblepas
 14084 | Lair:2   | 14084 ||| Stepping ~*~*~tactically~*~*~ (stealth).
 14130 | Lair:2   | 14130 ||| Stepping ~*~*~tactically~*~*~ (hiding).
 14134 | Lair:2   | 14134 ||| INVOKING Apocalypse.
 14134 | Lair:2   | Killed a catoblepas
 14252 | Lair:2   | Reached skill level 18 in Axes
 14309 | Lair:2   | Found a staircase to the Shoals.
 14465 | Lair:2   | Reached skill level 9 in Armour
 14719 | Lair:2   | 14719 ||| DROPPING ring of ice.
 14720 | Lair:2   | 14720 ||| READING scroll labelled OSEYS UTYUXZA.
 14752 | Lair:3   | 14752 ||| READING scroll of enchant armour.
 14752 | Lair:3   | 14752 ||| ENCHANTING +0 plate armour.
 14761 | Lair:3   | Found a staircase to the Snake Pit.
 14770 | Lair:3   | 14770 ||| READING scroll of acquirement.
 14770 | Lair:3   | 14770 ||| ACQUIRING +2 pair of boots of rampaging
 14770 | Lair:3   | Acquired a +2 pair of boots of rampaging
 14772 | Lair:3   | 14772 ||| UPGRADING to +2 pair of boots of rampaging.
 14898 | Lair:3   | 14898 ||| INVOKING Apocalypse.
 14915 | Lair:3   | 14915 ||| FLEEEEING.
 14969 | Lair:3   | 14969 ||| Stepping ~*~*~tactically~*~*~ (stealth).
 15081 | Lair:3   | 15081 ||| Stepping ~*~*~tactically~*~*~ (stealth).
 15133 | Lair:3   | HP: 19/83 [poisoned by a cane toad]
 15138 | Lair:3   | HP: 14/83 [poisoned by a cane toad]
 15201 | Lair:3   | 15201 ||| FLEEEEING.
 15202 | Lair:3   | 15202 ||| FLEEEEING.
 15203 | Lair:3   | 15203 ||| FLEEEEING.
 15204 | Lair:3   | 15204 ||| FLEEEEING.
 15205 | Lair:3   | 15205 ||| FLEEEEING.
 15206 | Lair:3   | 15206 ||| FLEEEEING.
 15209 | Lair:3   | 15209 ||| FLEEEEING.
 15211 | Lair:3   | 15211 ||| FLEEEEING.
 15212 | Lair:3   | 15212 ||| FLEEEEING.
 15214 | Lair:3   | 15214 ||| Stepping ~*~*~tactically~*~*~ (stealth).
 15217 | Lair:3   | 15217 ||| Stepping ~*~*~tactically~*~*~ (stealth).
 15220 | Lair:3   | HP: 2/83 [polar bear (28)]
 15221 | Lair:3   | 15221 ||| READING 7 scrolls of teleportation.
 15222 | Lair:3   | 15222 ||| INVOKING Draw Out Power.
 15233 | Lair:3   | Reached XP level 11. HP: 52/89 MP: 10/10
 15234 | Lair:3   | 15234 ||| Stepping ~*~*~tactically~*~*~ (stealth).
 15237 | Lair:3   | 15237 ||| Stepping ~*~*~tactically~*~*~ (stealth).
 15240 | Lair:3   | 15240 ||| Stepping ~*~*~tactically~*~*~ (stealth).
 15287 | Lair:3   | 15287 ||| Stepping ~*~*~tactically~*~*~ (stealth).
 15470 | Lair:3   | 15470 ||| READING scroll of enchant weapon.
 15470 | Lair:3   | 15470 ||| ENCHANTING +2 vorpal broad axe.
 15473 | Lair:3   | Identified the +7 short sword of Dissent {distort, Int+4
                  | Dex+2}
 15499 | Lair:3   | 15499 ||| Stepping ~*~*~tactically~*~*~ (stealth).
 15520 | Lair:3   | 15520 ||| INVOKING Apocalypse.
 15589 | Lair:3   | 15589 ||| FLEEEEING.
 15590 | Lair:3   | 15590 ||| FLEEEEING.
 15592 | Lair:3   | Reached skill level 19 in Axes
 15772 | Lair:3   | 15772 ||| DROPPING +2 vorpal war axe.
 16238 | Lair:3   | 16238 ||| DROPPING amulet of magic regeneration.
 16239 | Lair:3   | 16239 ||| READING scroll labelled YCIEPU GYDD.
 16240 | Lair:3   | 16240 ||| READING scroll labelled ZIMI SU NAS.
 16352 | Lair:4   | 16352 ||| Stepping ~*~*~tactically~*~*~ (stealth).
 16354 | Lair:4   | 16354 ||| Stepping ~*~*~tactically~*~*~ (stealth).
 16355 | Lair:4   | 16355 ||| Stepping ~*~*~tactically~*~*~ (stealth).
 16359 | Lair:4   | 16359 ||| Stepping ~*~*~tactically~*~*~ (stealth).
 16455 | Lair:4   | 16455 ||| FLEEEEING.
 16711 | Lair:4   | 16711 ||| INVOKING Sacrifice Stealth.
 16711 | Lair:4   | Gained mutation: You cannot be stealthy. [Ru sacrifice]
 16711 | Lair:4   | Reached ****** piety under Ru
 16737 | Lair:4   | 16737 ||| INVOKING Apocalypse.
 16832 | Lair:4   | 16832 ||| Stepping ~*~*~tactically~*~*~ (stealth).
 16834 | Lair:4   | 16834 ||| Stepping ~*~*~tactically~*~*~ (stealth).
 16845 | Lair:4   | 16845 ||| Stepping ~*~*~tactically~*~*~ (stealth).
 16985 | Lair:4   | 16985 ||| Stepping ~*~*~tactically~*~*~ (hiding).
 16986 | Lair:4   | 16986 ||| Stepping ~*~*~tactically~*~*~ (hiding).
 17379 | Lair:5   | Entered Level 5 of the Lair of Beasts
 17382 | Lair:5   | 17382 ||| INVOKING Apocalypse.
 17383 | Lair:5   | Reached skill level 12 in Fighting
 17383 | Lair:5   | 17383 ||| STAIRDANCE
 17451 | Lair:5   | 17451 ||| STAIRDANCE
 17459 | Lair:4   | 17459 ||| INVOKING Apocalypse.
 17670 | Lair:5   | 17670 ||| STAIRDANCE
 17869 | Lair:5   | 17869 ||| INVOKING Apocalypse.
 17870 | Lair:5   | 17870 ||| Stepping ~*~*~tactically~*~*~ (stealth).
 17881 | Lair:5   | 17881 ||| Stepping ~*~*~tactically~*~*~ (stealth).
 17959 | Lair:5   | 17959 ||| FLEEEEING.
 17966 | Lair:5   | 17966 ||| STAIRDANCE
 18031 | Lair:5   | 18031 ||| Stepping ~*~*~tactically~*~*~ (stealth).
 18161 | Lair:5   | 18161 ||| Stepping ~*~*~tactically~*~*~ (stealth).
 18209 | Lair:5   | 18209 ||| FLEEEEING.
 18210 | Lair:5   | 18210 ||| FLEEEEING.
 18211 | Lair:5   | 18211 ||| FLEEEEING.
 18212 | Lair:5   | 18212 ||| FLEEEEING.
 18213 | Lair:5   | 18213 ||| FLEEEEING.
 18214 | Lair:5   | 18214 ||| FLEEEEING.
 18215 | Lair:5   | 18215 ||| FLEEEEING.
 18216 | Lair:5   | 18216 ||| FLEEEEING.
 18222 | Lair:5   | 18222 ||| Stepping ~*~*~tactically~*~*~ (stealth).
 18224 | Lair:5   | 18224 ||| DRINKING potion of cancellation.
 18225 | Lair:5   | 18225 ||| INVOKING Apocalypse.
 18264 | Lair:5   | 18264 ||| FLEEEEING.
 18265 | Lair:5   | 18265 ||| FLEEEEING.
 18266 | Lair:5   | 18266 ||| FLEEEEING.
 18410 | Lair:5   | 18410 ||| Stepping ~*~*~tactically~*~*~ (stealth).
 18413 | Lair:5   | 18413 ||| Stepping ~*~*~tactically~*~*~ (stealth).
 18468 | Lair:5   | Identified the +7 quarterstaff "Iptykle" {elec, rPois
                  | Stlth+}
 18517 | Lair:5   | 18517 ||| INVOKING Apocalypse.
 18528 | Lair:5   | 18528 ||| Stepping ~*~*~tactically~*~*~ (stealth).
 18530 | Lair:5   | 18530 ||| Stepping ~*~*~tactically~*~*~ (stealth).
 18546 | Lair:5   | Reached XP level 12. HP: 54/102 MP: 5/11
 18808 | Lair:5   | 18808 ||| INVOKING Apocalypse.
 18809 | Lair:5   | 18809 ||| FLEEEEING.
 18810 | Lair:5   | 18810 ||| FLEEEEING.
 18812 | Lair:5   | 18812 ||| FLEEEEING.
 18813 | Lair:5   | 18813 ||| FLEEEEING.
 18814 | Lair:5   | 18814 ||| FLEEEEING.
 18815 | Lair:5   | 18815 ||| FLEEEEING.
 18816 | Lair:5   | 18816 ||| FLEEEEING.
 18829 | Lair:5   | Reached skill level 9 in Shields
 18901 | Lair:5   | 18901 ||| FLEEEEING.
 19224 | Lair:5   | 19224 ||| INVOKING Apocalypse.
 19381 | Lair:5   | 19381 ||| FLEEEEING.
 19465 | Lair:5   | 19465 ||| SWAPPING to +0 morningstar.
 19466 | Lair:5   | 19466 ||| Stepping ~*~*~tactically~*~*~ (stealth).
 19470 | Lair:5   | 19470 ||| SWAPPING to +3 vorpal broad axe.
 19547 | Lair:5   | Found a staircase to the Slime Pits.
 19557 | Lair:5   | 19557 ||| READING 6 scrolls of teleportation.
 19881 | Lair:5   | 19881 ||| FLEEEEING.
 19883 | Lair:5   | 19883 ||| FLEEEEING.
 19884 | Lair:5   | 19884 ||| FLEEEEING.
 19885 | Lair:5   | 19885 ||| FLEEEEING.
 19886 | Lair:5   | 19886 ||| FLEEEEING.
 19887 | Lair:5   | 19887 ||| FLEEEEING.
 19888 | Lair:5   | 19888 ||| FLEEEEING.
 19889 | Lair:5   | 19889 ||| FLEEEEING.
 19890 | Lair:5   | 19890 ||| FLEEEEING.
 19891 | Lair:5   | 19891 ||| FLEEEEING.
 19892 | Lair:5   | 19892 ||| FLEEEEING.
 19893 | Lair:5   | 19893 ||| FLEEEEING.
 19894 | Lair:5   | 19894 ||| FLEEEEING.
 19895 | Lair:5   | 19895 ||| FLEEEEING.
 19896 | Lair:5   | 19896 ||| FLEEEEING.
 19897 | Lair:5   | 19897 ||| FLEEEEING.
 19898 | Lair:5   | 19898 ||| FLEEEEING.
 19899 | Lair:5   | 19899 ||| FLEEEEING.
 19901 | Lair:5   | 19901 ||| FLEEEEING.
 19902 | Lair:5   | 19902 ||| FLEEEEING.
 19903 | Lair:5   | 19903 ||| FLEEEEING.
 19904 | Lair:5   | 19904 ||| FLEEEEING.
 19905 | Lair:5   | 19905 ||| FLEEEEING.
 19906 | Lair:5   | 19906 ||| FLEEEEING.
 19907 | Lair:5   | 19907 ||| FLEEEEING.
 19908 | Lair:5   | 19908 ||| FLEEEEING.
 20244 | Lair:5   | 20244 ||| Stepping ~*~*~tactically~*~*~ (hiding).
 20258 | Lair:5   | 20258 ||| INVOKING Apocalypse.
 20262 | Lair:5   | Reached skill level 12 in Armour
 20262 | Lair:5   | HP: 22/110 [dire elephant simulacrum[a necromancer] (8)]
 20263 | Lair:5   | 20263 ||| READING 5 scrolls of teleportation.
 20503 | Lair:5   | 20503 ||| FLEEEEING.
 20504 | Lair:5   | 20504 ||| FLEEEEING.
 20505 | Lair:5   | 20505 ||| FLEEEEING.
 20506 | Lair:5   | 20506 ||| FLEEEEING.
 20507 | Lair:5   | 20507 ||| FLEEEEING.
 20508 | Lair:5   | 20508 ||| FLEEEEING.
 20509 | Lair:5   | 20509 ||| FLEEEEING.
 20510 | Lair:5   | 20510 ||| FLEEEEING.
 20511 | Lair:5   | 20511 ||| FLEEEEING.
 20512 | Lair:5   | 20512 ||| FLEEEEING.
 20514 | Lair:5   | 20514 ||| STAIRDANCE
 20593 | Lair:4   | 20593 ||| UPGRADING to +0 pair of gloves.
 20598 | Lair:4   | 20598 ||| UPGRADING to +0 storm dragon scales.
 20608 | Lair:4   | 20608 ||| READING scroll labelled HUIMILO UCRE.
 20616 | Lair:5   | 20616 ||| STAIRDANCE
 20742 | Lair:5   | 20742 ||| READING 4 scrolls of teleportation.
 20769 | Lair:5   | 20769 ||| READING 3 scrolls of teleportation.
 20773 | Lair:5   | 20773 ||| FLEEEEING.
 20803 | Lair:5   | 20803 ||| INVOKING Apocalypse.
 20804 | Lair:5   | 20804 ||| FLEEEEING.
 20814 | Lair:5   | 20814 ||| Stepping ~*~*~tactically~*~*~ (stealth).
 20824 | Lair:5   | Reached skill level 6 in Dodging
 20876 | Lair:5   | 20876 ||| Stepping ~*~*~tactically~*~*~ (stealth).
 20919 | Lair:5   | 20919 ||| Stepping ~*~*~tactically~*~*~ (hiding).
 20941 | Lair:5   | 20941 ||| FLEEEEING.
 20980 | Lair:5   | 20980 ||| READING 3 scrolls of teleportation.
 20980 | Lair:5   | HP: 20/101 [red devil/+0 trident[an obsidian statue] (7)]
 20981 | Lair:5   | 20981 ||| INVOKING Draw Out Power.
 21304 | Lair:5   | 21304 ||| READING 2 scrolls of teleportation.
 21324 | Lair:5   | 21324 ||| READING scroll of teleportation.
 21352 | Lair:5   | 21352 ||| Stepping randomly (stuck).
 21353 | Lair:5   | 21353 ||| Stepping randomly (stuck).
 21354 | Lair:5   | 21354 ||| Stepping randomly (stuck).
 21355 | Lair:5   | 21355 ||| Stepping randomly (stuck).
 21356 | Lair:5   | 21356 ||| Stepping randomly (stuck).
 21357 | Lair:5   | 21357 ||| Stepping randomly (stuck).
 21358 | Lair:5   | 21358 ||| Stepping randomly (stuck).
 21359 | Lair:5   | 21359 ||| Stepping randomly (stuck).
 21360 | Lair:5   | 21360 ||| Stepping randomly (stuck).
 21363 | Lair:5   | 21363 ||| Stepping ~*~*~tactically~*~*~ (stealth).
 21611 | Lair:5   | 21611 ||| PLANNING D:1-11
 21725 | D:11     | 21725 ||| STAIRDANCE
 21748 | D:11     | Found a transporter.
 21752 | D:11     | Found a transporter.
 21753 | D:11     | Found a corrupted altar of Lugonu.
 22053 | D:11     | Noticed Erica
 22061 | D:11     | 22061 ||| DRINKING 10 potions of curing.
 22061 | D:11     | 22061 ||| (to cure confusion)
 22062 | D:11     | Killed Erica
 22156 | D:11     | Found an ornate altar of the Wu Jian Council.
 22288 | D:11     | 22288 ||| Stepping ~*~*~tactically~*~*~ (stealth).
 22290 | D:11     | 22290 ||| Stepping ~*~*~tactically~*~*~ (hiding).
 22295 | D:11     | 22295 ||| INVOKING Apocalypse.
 22546 | D:11     | 22546 ||| Stepping ~*~*~tactically~*~*~ (stealth).
 22548 | D:11     | 22548 ||| Stepping ~*~*~tactically~*~*~ (stealth).
 22552 | D:11     | 22552 ||| Stepping ~*~*~tactically~*~*~ (stealth).
 22560 | D:11     | Reached skill level 15 in Fighting
 22560 | D:11     | 22560 ||| FLEEEEING.
 22561 | D:11     | 22561 ||| FLEEEEING.
 22562 | D:11     | 22562 ||| FLEEEEING.
 22563 | D:11     | 22563 ||| FLEEEEING.
 22564 | D:11     | 22564 ||| FLEEEEING.
 22565 | D:11     | 22565 ||| FLEEEEING.
 22566 | D:11     | 22566 ||| FLEEEEING.
 22567 | D:11     | 22567 ||| FLEEEEING.
 22568 | D:11     | 22568 ||| FLEEEEING.
 22569 | D:11     | 22569 ||| FLEEEEING.
 22570 | D:11     | 22570 ||| FLEEEEING.
 22571 | D:11     | 22571 ||| FLEEEEING.
 22572 | D:11     | 22572 ||| FLEEEEING.
 22573 | D:11     | 22573 ||| FLEEEEING.
 22574 | D:11     | 22574 ||| FLEEEEING.
 22575 | D:11     | 22575 ||| FLEEEEING.
 22576 | D:11     | 22576 ||| FLEEEEING.
 22577 | D:11     | 22577 ||| FLEEEEING.
 22578 | D:11     | 22578 ||| FLEEEEING.
 22579 | D:11     | 22579 ||| FLEEEEING.
 22580 | D:11     | 22580 ||| FLEEEEING.
 22581 | D:11     | 22581 ||| FLEEEEING.
 22582 | D:11     | 22582 ||| FLEEEEING.
 22583 | D:11     | 22583 ||| FLEEEEING.
 22584 | D:11     | 22584 ||| FLEEEEING.
 22585 | D:11     | 22585 ||| FLEEEEING.
 22586 | D:11     | 22586 ||| FLEEEEING.
 22587 | D:11     | 22587 ||| FLEEEEING.
 22588 | D:11     | 22588 ||| FLEEEEING.
 22589 | D:11     | 22589 ||| FLEEEEING.
 22590 | D:11     | 22590 ||| STAIRDANCE
 22633 | D:11     | 22633 ||| STAIRDANCE
 22797 | D:11     | 22797 ||| READING scroll of enchant armour.
 22797 | D:11     | 22797 ||| ENCHANTING +0 pair of gloves.
 23109 | D:11     | 23109 ||| PLANNING D
 23109 | D:11     | 23109 ||| UPGRADING to +2 pair of gloves of strength.
 23119 | D:11     | 23119 ||| DROPPING +1 pair of gloves.
 23197 | D:12     | Found a staircase to the Orcish Mines.
 23205 | D:12     | 23205 ||| FLEEEEING.
 23215 | D:12     | 23215 ||| STAIRDANCE
 23378 | D:12     | 23378 ||| Stepping ~*~*~tactically~*~*~ (hiding).
 23379 | D:12     | 23379 ||| FLEEEEING.
 23389 | D:12     | 23389 ||| Stepping ~*~*~tactically~*~*~ (hiding).
 23393 | D:12     | 23393 ||| Stepping ~*~*~tactically~*~*~ (hiding).
 23394 | D:12     | 23394 ||| FLEEEEING.
 23395 | D:12     | 23395 ||| FLEEEEING.
 23396 | D:12     | 23396 ||| FLEEEEING.
 23397 | D:12     | 23397 ||| FLEEEEING.
 23398 | D:12     | 23398 ||| FLEEEEING.
 23399 | D:12     | 23399 ||| FLEEEEING.
 23400 | D:12     | 23400 ||| FLEEEEING.
 23401 | D:12     | 23401 ||| FLEEEEING.
 23402 | D:12     | 23402 ||| FLEEEEING.
 23403 | D:12     | 23403 ||| FLEEEEING.
 23404 | D:12     | 23404 ||| FLEEEEING.
 23405 | D:12     | 23405 ||| FLEEEEING.
 23406 | D:12     | 23406 ||| FLEEEEING.
 23407 | D:12     | 23407 ||| FLEEEEING.
 23408 | D:12     | 23408 ||| STAIRDANCE
 23466 | D:12     | 23466 ||| STAIRDANCE
 23480 | D:12     | 23480 ||| STAIRDANCE
 23487 | D:12     | 23487 ||| STAIRDANCE
 23748 | D:12     | 23748 ||| READING scroll of enchant weapon.
 23748 | D:12     | 23748 ||| ENCHANTING +3 vorpal broad axe.
 23988 | D:12     | Noticed Snorg
 23989 | D:12     | 23989 ||| INVOKING Apocalypse.
 23990 | D:12     | 23990 ||| FLEEEEING.
 24003 | D:12     | 24003 ||| FLEEEEING.
 24004 | D:12     | 24004 ||| FLEEEEING.
 24005 | D:12     | 24005 ||| FLEEEEING.
 24006 | D:12     | 24006 ||| FLEEEEING.
 24007 | D:12     | 24007 ||| FLEEEEING.
 24008 | D:12     | 24008 ||| FLEEEEING.
 24009 | D:12     | 24009 ||| FLEEEEING.
 24010 | D:12     | 24010 ||| FLEEEEING.
 24011 | D:12     | 24011 ||| FLEEEEING.
 24012 | D:12     | 24012 ||| FLEEEEING.
 24013 | D:12     | 24013 ||| FLEEEEING.
 24014 | D:12     | 24014 ||| FLEEEEING.
 24015 | D:12     | 24015 ||| FLEEEEING.
 24016 | D:12     | 24016 ||| FLEEEEING.
 24031 | D:12     | Killed Snorg
 24211 | D:12     | 24211 ||| Stepping ~*~*~tactically~*~*~ (stealth).
 24214 | D:12     | 24214 ||| Stepping ~*~*~tactically~*~*~ (stealth).
 24215 | D:12     | 24215 ||| Stepping ~*~*~tactically~*~*~ (stealth).
 24267 | D:12     | Found a runed translucent door.
 24268 | D:12     | 24268 ||| Stepping ~*~*~tactically~*~*~ (hiding).
 24300 | D:12     | 24300 ||| Stepping ~*~*~tactically~*~*~ (stealth).
 24302 | D:12     | 24302 ||| Stepping ~*~*~tactically~*~*~ (hiding).
 24740 | D:12     | 24740 ||| READING 4 scrolls of teleportation.
 24850 | D:13     | Reached XP level 13. HP: 106/117 MP: 12/12
 25036 | D:13     | 25036 ||| Stepping ~*~*~tactically~*~*~ (hiding).
 25037 | D:13     | 25037 ||| Stepping ~*~*~tactically~*~*~ (hiding).
 25197 | D:13     | Found a gate to the Vaults.
 25584 | D:13     | Found a portal to a secret trove of treasure.
 25629 | D:13     | Identified the +8 sling "Osee" {flame, rC+}
 25635 | D:13     | 25635 ||| UPGRADING to +1 kite shield of poison resistance.
 25645 | D:13     | 25645 ||| DROPPING +0 buckler.
 25646 | D:13     | 25646 ||| READING scroll labelled FEGROH MOOWI.
 25984 | D:14     | 25984 ||| INVOKING Apocalypse.
 25987 | D:14     | 25987 ||| FLEEEEING.
 25990 | D:14     | 25990 ||| FLEEEEING.
 25991 | D:14     | 25991 ||| FLEEEEING.
 25992 | D:14     | 25992 ||| FLEEEEING.
 25993 | D:14     | 25993 ||| FLEEEEING.
 25994 | D:14     | 25994 ||| FLEEEEING.
 25995 | D:14     | 25995 ||| FLEEEEING.
 25996 | D:14     | 25996 ||| FLEEEEING.
 25997 | D:14     | 25997 ||| FLEEEEING.
 25998 | D:14     | 25998 ||| FLEEEEING.
 25999 | D:14     | 25999 ||| FLEEEEING.
 26000 | D:14     | 26000 ||| FLEEEEING.
 26001 | D:14     | 26001 ||| FLEEEEING.
 26002 | D:14     | 26002 ||| FLEEEEING.
 26003 | D:14     | 26003 ||| FLEEEEING.
 26004 | D:14     | 26004 ||| FLEEEEING.
 26005 | D:14     | 26005 ||| FLEEEEING.
 26006 | D:14     | 26006 ||| FLEEEEING.
 26007 | D:14     | 26007 ||| FLEEEEING.
 26008 | D:14     | 26008 ||| FLEEEEING.
 26009 | D:14     | 26009 ||| STAIRDANCE
 26047 | D:14     | 26047 ||| STAIRDANCE
 26053 | D:14     | 26053 ||| STAIRDANCE
 26256 | D:14     | 26256 ||| Stepping ~*~*~tactically~*~*~ (hiding).
 26260 | D:14     | 26260 ||| Stepping ~*~*~tactically~*~*~ (stealth).
 26261 | D:14     | 26261 ||| Stepping ~*~*~tactically~*~*~ (hiding).
 26267 | D:14     | 26267 ||| Stepping ~*~*~tactically~*~*~ (stealth).
 26269 | D:14     | 26269 ||| Stepping ~*~*~tactically~*~*~ (stealth).
 26298 | D:14     | 26298 ||| FLEEEEING.
 26299 | D:14     | 26299 ||| FLEEEEING.
 26310 | D:14     | 26310 ||| FLEEEEING.
 26312 | D:14     | 26312 ||| FLEEEEING.
 26313 | D:14     | 26313 ||| FLEEEEING.
 26314 | D:14     | 26314 ||| FLEEEEING.
 26315 | D:14     | 26315 ||| FLEEEEING.
 26317 | D:14     | 26317 ||| FLEEEEING.
 26318 | D:14     | 26318 ||| STAIRDANCE
 26377 | D:14     | 26377 ||| STAIRDANCE
 26446 | D:14     | 26446 ||| STAIRDANCE
 26489 | D:14     | 26489 ||| Stepping ~*~*~tactically~*~*~ (stealth).
 26494 | D:14     | 26494 ||| READING scroll of enchant armour.
 26494 | D:14     | 26494 ||| ENCHANTING +0 storm dragon scales.
 26577 | D:14     | 26577 ||| FLEEEEING.
 26636 | D:14     | 26636 ||| Stepping ~*~*~tactically~*~*~ (stealth).
 26637 | D:14     | 26637 ||| Stepping ~*~*~tactically~*~*~ (stealth).
 26638 | D:14     | 26638 ||| Stepping ~*~*~tactically~*~*~ (stealth).
 26648 | D:14     | 26648 ||| Stepping ~*~*~tactically~*~*~ (stealth).
 26651 | D:14     | 26651 ||| Stepping ~*~*~tactically~*~*~ (stealth).
 26652 | D:14     | 26652 ||| Stepping ~*~*~tactically~*~*~ (stealth).
 26653 | D:14     | 26653 ||| Stepping ~*~*~tactically~*~*~ (stealth).
 26655 | D:14     | 26655 ||| Stepping ~*~*~tactically~*~*~ (stealth).
 26666 | D:14     | 26666 ||| INVOKING Apocalypse.
 26676 | D:14     | 26676 ||| FLEEEEING.
 26677 | D:14     | 26677 ||| FLEEEEING.
 26687 | D:14     | 26687 ||| STAIRDANCE
 26939 | D:13     | 26939 ||| DROPPING +1 plate armour.
 27483 | D:14     | 27483 ||| Stepping ~*~*~tactically~*~*~ (stealth).
 27487 | D:14     | 27487 ||| Stepping ~*~*~tactically~*~*~ (stealth).
 27488 | D:14     | 27488 ||| Stepping ~*~*~tactically~*~*~ (stealth).
 27506 | D:14     | 27506 ||| INVOKING Apocalypse.
 27507 | D:14     | Reached skill level 12 in Shields
 27507 | D:14     | 27507 ||| FLEEEEING.
 27508 | D:14     | 27508 ||| FLEEEEING.
 27521 | D:14     | 27521 ||| FLEEEEING.
 27531 | D:14     | 27531 ||| STAIRDANCE
 27866 | D:15     | Entered Level 15 of the Dungeon
 27867 | D:15     | 27867 ||| STAIRDANCE
 27905 | D:15     | 27905 ||| INVOKING Apocalypse.
 27911 | D:15     | 27911 ||| FLEEEEING.
 27912 | D:15     | 27912 ||| FLEEEEING.
 27914 | D:15     | 27914 ||| FLEEEEING.
 27916 | D:15     | 27916 ||| FLEEEEING.
 27921 | D:15     | 27921 ||| FLEEEEING.
 27922 | D:15     | 27922 ||| FLEEEEING.
 27924 | D:15     | 27924 ||| FLEEEEING.
 27925 | D:15     | 27925 ||| STAIRDANCE
 28152 | D:15     | 28152 ||| INVOKING Apocalypse.
 28156 | D:15     | 28156 ||| FLEEEEING.
 28157 | D:15     | 28157 ||| FLEEEEING.
 28158 | D:15     | 28158 ||| FLEEEEING.
 28159 | D:15     | 28159 ||| FLEEEEING.
 28162 | D:15     | 28162 ||| STAIRDANCE
 28353 | D:15     | 28353 ||| DRINKING 10 potions of curing.
 28353 | D:15     | 28353 ||| (to cure confusion)
 28411 | D:15     | 28411 ||| FLEEEEING.
 28412 | D:15     | 28412 ||| STAIRDANCE
 28488 | D:15     | 28488 ||| STAIRDANCE
 28532 | D:15     | 28532 ||| Stepping ~*~*~tactically~*~*~ (stealth).
 28538 | D:15     | 28538 ||| Stepping ~*~*~tactically~*~*~ (stealth).
 28539 | D:15     | 28539 ||| Stepping ~*~*~tactically~*~*~ (stealth).
 28540 | D:15     | 28540 ||| Stepping ~*~*~tactically~*~*~ (stealth).
 28542 | D:15     | 28542 ||| Stepping ~*~*~tactically~*~*~ (stealth).
 28544 | D:15     | 28544 ||| Stepping ~*~*~tactically~*~*~ (stealth).
 28545 | D:15     | 28545 ||| Stepping ~*~*~tactically~*~*~ (stealth).
 28546 | D:15     | 28546 ||| Stepping ~*~*~tactically~*~*~ (stealth).
 28547 | D:15     | 28547 ||| Stepping ~*~*~tactically~*~*~ (stealth).
 28548 | D:15     | 28548 ||| Stepping ~*~*~tactically~*~*~ (stealth).
 28549 | D:15     | 28549 ||| Stepping ~*~*~tactically~*~*~ (stealth).
 28555 | D:15     | 28555 ||| SWAPPING to +0 morningstar.
 28561 | D:15     | 28561 ||| SWAPPING to +4 vorpal broad axe.
 28703 | D:15     | 28703 ||| Stepping ~*~*~tactically~*~*~ (stealth).
 28933 | D:15     | Found a staircase to the Depths.
 28977 | D:15     | 28977 ||| DROPPING ring of resist corrosion.
 28978 | D:15     | 28978 ||| PLANNING ORC
 28978 | D:15     | 28978 ||| DROPPING ring of protection from cold.
 28979 | D:15     | 28979 ||| READING 12 scrolls of identify.
 28979 | D:15     | 28979 ||| IDENTIFYING dark potion
 28980 | D:15     | 28980 ||| DROPPING potion of invisibility.
 29061 | Orc:1    | Entered Level 1 of the Orcish Mines
 29066 | Orc:1    | 29066 ||| DRINKING 9 potions of curing.
 29066 | Orc:1    | 29066 ||| (to cure confusion)
 29283 | Orc:1    | 29283 ||| Stepping ~*~*~tactically~*~*~ (stealth).
 29284 | Orc:1    | 29284 ||| Stepping ~*~*~tactically~*~*~ (stealth).
 29288 | Orc:1    | 29288 ||| DRINKING 8 potions of curing.
 29288 | Orc:1    | 29288 ||| (to cure confusion)
 29471 | Orc:1    | 29471 ||| Stepping ~*~*~tactically~*~*~ (hiding).
 29646 | Orc:1    | 29646 ||| Stepping ~*~*~tactically~*~*~ (hiding).
 29660 | Orc:1    | 29660 ||| Stepping ~*~*~tactically~*~*~ (hiding).
 29679 | Orc:1    | 29679 ||| Stepping ~*~*~tactically~*~*~ (stealth).
 29689 | Orc:1    | Noticed an orc warlord
 29690 | Orc:1    | 29690 ||| INVOKING Apocalypse.
 29695 | Orc:1    | Paralysed by an orc sorcerer for 5 turns
 29715 | Orc:1    | Killed an orc warlord
 29799 | Orc:1    | 29799 ||| Stepping ~*~*~tactically~*~*~ (stealth).
 29996 | Orc:1    | 29996 ||| Stepping ~*~*~tactically~*~*~ (stealth).
 30031 | Orc:2    | Entered Level 2 of the Orcish Mines
 30081 | Orc:2    | 30081 ||| Stepping ~*~*~tactically~*~*~ (stealth).
 30216 | Orc:2    | 30216 ||| Stepping ~*~*~tactically~*~*~ (stealth).
 30221 | Orc:2    | 30221 ||| Stepping ~*~*~tactically~*~*~ (stealth).
 30222 | Orc:2    | 30222 ||| Stepping ~*~*~tactically~*~*~ (stealth).
 30223 | Orc:2    | 30223 ||| Stepping ~*~*~tactically~*~*~ (stealth).
 30246 | Orc:2    | 30246 ||| Stepping ~*~*~tactically~*~*~ (stealth).
 30247 | Orc:2    | 30247 ||| Stepping ~*~*~tactically~*~*~ (stealth).
 30263 | Orc:2    | 30263 ||| Stepping ~*~*~tactically~*~*~ (stealth).
 30273 | Orc:2    | 30273 ||| Stepping ~*~*~tactically~*~*~ (stealth).
 30276 | Orc:2    | 30276 ||| Stepping ~*~*~tactically~*~*~ (stealth).
 30278 | Orc:2    | 30278 ||| Stepping ~*~*~tactically~*~*~ (stealth).
 30415 | Orc:2    | Reached skill level 6 in Throwing
 30599 | Orc:2    | Reached XP level 14. HP: 127/127 MP: 13/13
 30611 | Orc:2    | 30611 ||| Stepping ~*~*~tactically~*~*~ (hiding).
 30627 | Orc:2    | 30627 ||| Stepping ~*~*~tactically~*~*~ (stealth).
 30665 | Orc:2    | Found a staircase to the Elven Halls.
 30779 | Orc:2    | Identified the +8 halberd of Hienluom {spect, rF+ Stlth+}
 30834 | Orc:2    | 30834 ||| Stepping ~*~*~tactically~*~*~ (hiding).
 30837 | Orc:2    | 30837 ||| Stepping ~*~*~tactically~*~*~ (hiding).
 30838 | Orc:2    | 30838 ||| Stepping ~*~*~tactically~*~*~ (hiding).
 30853 | Orc:2    | 30853 ||| INVOKING Apocalypse.
 30854 | Orc:2    | 30854 ||| FLEEEEING.
 30855 | Orc:2    | 30855 ||| FLEEEEING.
 30856 | Orc:2    | 30856 ||| FLEEEEING.
 30857 | Orc:2    | 30857 ||| FLEEEEING.
 30858 | Orc:2    | 30858 ||| FLEEEEING.
 30859 | Orc:2    | 30859 ||| FLEEEEING.
 30860 | Orc:2    | 30860 ||| FLEEEEING.
 30861 | Orc:2    | 30861 ||| FLEEEEING.
 30869 | Orc:2    | 30869 ||| FLEEEEING.
 30870 | Orc:2    | 30870 ||| FLEEEEING.
 30871 | Orc:2    | 30871 ||| FLEEEEING.
 30872 | Orc:2    | 30872 ||| FLEEEEING.
 30873 | Orc:2    | 30873 ||| FLEEEEING.
 30874 | Orc:2    | 30874 ||| FLEEEEING.
 30875 | Orc:2    | 30875 ||| FLEEEEING.
 30881 | Orc:2    | 30881 ||| FLEEEEING.
 30882 | Orc:2    | 30882 ||| FLEEEEING.
 30883 | Orc:2    | 30883 ||| FLEEEEING.
 30885 | Orc:2    | 30885 ||| FLEEEEING.
 30886 | Orc:2    | 30886 ||| FLEEEEING.
 30887 | Orc:2    | 30887 ||| FLEEEEING.
 30888 | Orc:2    | 30888 ||| FLEEEEING.
 30952 | Orc:2    | 30952 ||| Stepping ~*~*~tactically~*~*~ (stealth).
 30954 | Orc:2    | 30954 ||| Stepping ~*~*~tactically~*~*~ (stealth).
 30955 | Orc:2    | 30955 ||| Stepping ~*~*~tactically~*~*~ (stealth).
 31064 | Orc:2    | 31064 ||| Stepping ~*~*~tactically~*~*~ (stealth).
 31113 | Orc:2    | 31113 ||| FLEEEEING.
 31114 | Orc:2    | 31114 ||| FLEEEEING.
 31115 | Orc:2    | 31115 ||| FLEEEEING.
 31116 | Orc:2    | 31116 ||| FLEEEEING.
 31117 | Orc:2    | 31117 ||| FLEEEEING.
 31118 | Orc:2    | 31118 ||| FLEEEEING.
 31119 | Orc:2    | 31119 ||| FLEEEEING.
 31120 | Orc:2    | 31120 ||| FLEEEEING.
 31121 | Orc:2    | 31121 ||| FLEEEEING.
 31122 | Orc:2    | 31122 ||| FLEEEEING.
 31323 | Orc:2    | Found Dome's Assorted Antiques.
 31328 | Orc:2    | 31328 ||| BUYING glowing scarf (232 gold).
 31328 | Orc:2    | Bought a glowing scarf for 232 gold pieces
 31328 | Orc:2    | 31328 ||| BUYING red potion (26 gold).
 31328 | Orc:2    | Bought a red potion for 26 gold pieces
 31328 | Orc:2    | 31328 ||| BUYING scroll labelled KAOSCHU CEGAGE (29 gold).
 31328 | Orc:2    | Bought a scroll labelled KAOSCHU CEGAGE for 29 gold pieces
 31328 | Orc:2    | 31328 ||| BUYING scroll of enchant armour (217 gold).
 31328 | Orc:2    | Bought a scroll of enchant armour for 217 gold pieces
 31328 | Orc:2    | 31328 ||| READING scroll of enchant armour.
 31328 | Orc:2    | 31328 ||| ENCHANTING +1 storm dragon scales.
 31335 | Orc:2    | Found Moneudghe's Jewellery Shoppe.
 31336 | Orc:2    | 31336 ||| Stepping ~*~*~tactically~*~*~ (stealth).
 31349 | Orc:2    | 31349 ||| BUYING ring of Heicvol {rF+ rN+ Int+2} (496
                  | gold).
 31349 | Orc:2    | Bought the ring of Heicvol {rF+ rN+ Int+2} for 496 gold
                  | pieces
 31349 | Orc:2    | 31349 ||| BUYING ring of Rofis {rPois rC- Will+++ Dex+8
                  | Stlth-} (824 gold).
 31349 | Orc:2    | Bought the ring of Rofis {rPois rC- Will+++ Dex+8 Stlth-}
                  | for 824 gold pieces
 31349 | Orc:2    | 31349 ||| BUYING ring of poison resistance (260 gold).
 31349 | Orc:2    | Bought a ring of poison resistance for 260 gold pieces
 31386 | Orc:2    | 31386 ||| Stepping ~*~*~tactically~*~*~ (stealth).
 31474 | Orc:2    | 31474 ||| INVOKING Apocalypse.
 31475 | Orc:2    | 31475 ||| FLEEEEING.
 31494 | Orc:2    | 31494 ||| FLEEEEING.
 31495 | Orc:2    | 31495 ||| FLEEEEING.
 31496 | Orc:2    | 31496 ||| FLEEEEING.
 31497 | Orc:2    | 31497 ||| FLEEEEING.
 31498 | Orc:2    | 31498 ||| FLEEEEING.
 31499 | Orc:2    | 31499 ||| FLEEEEING.
 31506 | Orc:2    | 31506 ||| FLEEEEING.
 31508 | Orc:2    | 31508 ||| FLEEEEING.
 31512 | Orc:2    | 31512 ||| FLEEEEING.
 31513 | Orc:2    | 31513 ||| FLEEEEING.
 31793 | Orc:2    | 31793 ||| Stepping ~*~*~tactically~*~*~ (hiding).
 32101 | Orc:2    | Found Ivikat's General Store.
 32110 | Orc:2    | 32110 ||| BUYING 2 scrolls of teleportation (102 gold).
 32110 | Orc:2    | Bought 2 scrolls of teleportation for 102 gold pieces
 32110 | Orc:2    | 32110 ||| BUYING potion of curing (51 gold).
 32110 | Orc:2    | Bought a potion of curing for 51 gold pieces
 32247 | Orc:2    | Reached skill level 15 in Shields
 32247 | Orc:2    | Found Vewotipt's Weapon Shop.
 32418 | Orc:2    | 32418 ||| PLANNING SHOALS:1-3
 32418 | Orc:2    | 32418 ||| DROPPING scarf of harm.
 32419 | Orc:2    | 32419 ||| UPGRADING to ring of Rofis {rPois rC- Will+++
                  | Dex+8 Stlth-}.
 32421 | Orc:2    | 32421 ||| READING scroll labelled KAOSCHU CEGAGE.
 32422 | Orc:2    | 32422 ||| READING 11 scrolls of identify.
 32422 | Orc:2    | 32422 ||| IDENTIFYING red potion
 32423 | Orc:2    | 32423 ||| DROPPING potion of ambrosia.
 32558 | Shoals:1 | Entered Level 1 of the Shoals
 32719 | Shoals:1 | 32719 ||| Stepping ~*~*~tactically~*~*~ (hiding).
 32908 | Shoals:1 | 32908 ||| Stepping ~*~*~tactically~*~*~ (hiding).
 32966 | Shoals:1 | Identified Roxanne's Compilation of the Rocks
 32966 | Shoals:1 | Noticed Roxanne
 32967 | Shoals:1 | 32967 ||| INVOKING Apocalypse.
 32991 | Shoals:1 | Killed Roxanne
 33420 | Shoals:1 | 33420 ||| Stepping ~*~*~tactically~*~*~ (hiding).
 33940 | Shoals:2 | 33940 ||| INVOKING Apocalypse.
 33946 | Shoals:2 | 33946 ||| FLEEEEING.
 33947 | Shoals:2 | 33947 ||| STAIRDANCE
 34136 | Shoals:2 | Reached skill level 9 in Dodging
 34174 | Shoals:2 | 34174 ||| FLEEEEING.
 34545 | Shoals:2 | 34545 ||| Stepping ~*~*~tactically~*~*~ (hiding).
 34681 | Shoals:2 | 34681 ||| Stepping ~*~*~tactically~*~*~ (hiding).
 34682 | Shoals:2 | 34682 ||| Stepping ~*~*~tactically~*~*~ (hiding).
 34728 | Shoals:2 | 34728 ||| Stepping ~*~*~tactically~*~*~ (water).
 34809 | Shoals:2 | 34809 ||| Stepping ~*~*~tactically~*~*~ (hiding).
 35276 | Shoals:3 | Noticed Ilsuiw
 35277 | Shoals:3 | 35277 ||| INVOKING Apocalypse.
 35278 | Shoals:3 | 35278 ||| FLEEEEING.
 35279 | Shoals:3 | 35279 ||| FLEEEEING.
 35280 | Shoals:3 | 35280 ||| FLEEEEING.
 35281 | Shoals:3 | 35281 ||| FLEEEEING.
 35284 | Shoals:3 | 35284 ||| FLEEEEING.
 35285 | Shoals:3 | 35285 ||| FLEEEEING.
 35297 | Shoals:3 | 35297 ||| Stepping ~*~*~tactically~*~*~ (water).
 35303 | Shoals:3 | 35303 ||| Stepping ~*~*~tactically~*~*~ (water).
 35315 | Shoals:3 | Killed Ilsuiw
 35320 | Shoals:3 | 35320 ||| FLEEEEING.
 35321 | Shoals:3 | 35321 ||| FLEEEEING.
 35322 | Shoals:3 | 35322 ||| FLEEEEING.
 35323 | Shoals:3 | 35323 ||| FLEEEEING.
 35324 | Shoals:3 | 35324 ||| FLEEEEING.
 35325 | Shoals:3 | 35325 ||| FLEEEEING.
 35326 | Shoals:3 | 35326 ||| FLEEEEING.
 35327 | Shoals:3 | 35327 ||| FLEEEEING.
 35328 | Shoals:3 | 35328 ||| FLEEEEING.
 35329 | Shoals:3 | 35329 ||| FLEEEEING.
 35330 | Shoals:3 | 35330 ||| FLEEEEING.
 35331 | Shoals:3 | 35331 ||| FLEEEEING.
 35333 | Shoals:3 | 35333 ||| FLEEEEING.
 35335 | Shoals:3 | 35335 ||| FLEEEEING.
 35337 | Shoals:3 | 35337 ||| FLEEEEING.
 35339 | Shoals:3 | 35339 ||| FLEEEEING.
 35346 | Shoals:3 | HP: 29/122 [merfolk javelineer/silver javelin[Ilsuiw] (4)]
 35347 | Shoals:3 | 35347 ||| READING 8 scrolls of teleportation.
 35348 | Shoals:3 | 35348 ||| DRINKING 2 potions of heal wounds.
 35435 | Shoals:3 | 35435 ||| INVOKING Apocalypse.
 35448 | Shoals:3 | 35448 ||| FLEEEEING.
 35455 | Shoals:3 | 35455 ||| FLEEEEING.
 36078 | Shoals:3 | 36078 ||| READING 2 scrolls of enchant weapon.
 36078 | Shoals:3 | 36078 ||| ENCHANTING +4 broad axe of venom.
 36099 | Shoals:3 | 36099 ||| READING scroll of enchant weapon.
 36099 | Shoals:3 | 36099 ||| ENCHANTING +5 broad axe of venom.
 36124 | Shoals:3 | 36124 ||| Stepping ~*~*~tactically~*~*~ (water).
 36462 | Shoals:3 | 36462 ||| Stepping ~*~*~tactically~*~*~ (water).
 36509 | Shoals:3 | 36509 ||| PLANNING SNAKE:1-3
 36630 | Snake:1  | Entered Level 1 of the Snake Pit
 36633 | Snake:1  | 36633 ||| Stepping ~*~*~tactically~*~*~ (stealth).
 36657 | Snake:1  | 36657 ||| Stepping ~*~*~tactically~*~*~ (stealth).
 36660 | Snake:1  | 36660 ||| Stepping ~*~*~tactically~*~*~ (stealth).
 36662 | Snake:1  | 36662 ||| Stepping ~*~*~tactically~*~*~ (hiding).
 36848 | Snake:1  | 36848 ||| Stepping ~*~*~tactically~*~*~ (hiding).
 36856 | Snake:1  | 36856 ||| Stepping ~*~*~tactically~*~*~ (hiding).
 36857 | Snake:1  | 36857 ||| Stepping ~*~*~tactically~*~*~ (hiding).
 36872 | Snake:1  | Reached XP level 15. HP: 71/135 MP: 14/14
 37316 | Snake:1  | 37316 ||| INVOKING Apocalypse.
 37318 | Snake:1  | Found a frozen archway.
 37393 | Snake:1  | 37393 ||| Stepping ~*~*~tactically~*~*~ (stealth).
 37397 | Snake:1  | 37397 ||| Stepping ~*~*~tactically~*~*~ (hiding).
 37400 | Snake:1  | 37400 ||| Stepping ~*~*~tactically~*~*~ (hiding).
 37604 | Snake:1  | Found Huduet's Jewellery Boutique.
 37610 | Snake:1  | 37610 ||| SHOPLISTING ring "Kox Nogo" {*Slow rF+ rN++ EV+4
                  | Str+3} (856 gold, have 328).
 37721 | Snake:1  | 37721 ||| Stepping ~*~*~tactically~*~*~ (hiding).
 37729 | Snake:1  | 37729 ||| Stepping ~*~*~tactically~*~*~ (hiding).
 38105 | Snake:2  | 38105 ||| STAIRDANCE
 38118 | Snake:1  | Reached skill level 9 in Throwing
 38264 | Snake:2  | 38264 ||| Stepping ~*~*~tactically~*~*~ (hiding).
 38337 | Snake:2  | Found the +3 Elemental Staff {rElec rF++ rC++ AC+5}
 38340 | Snake:2  | 38340 ||| Stepping ~*~*~tactically~*~*~ (hiding).
 38343 | Snake:2  | 38343 ||| Stepping ~*~*~tactically~*~*~ (hiding).
 38374 | Snake:2  | 38374 ||| READING scroll of enchant weapon.
 38374 | Snake:2  | 38374 ||| ENCHANTING +6 broad axe of venom.
 38391 | Snake:2  | 38391 ||| Stepping ~*~*~tactically~*~*~ (hiding).
 38392 | Snake:2  | 38392 ||| Stepping ~*~*~tactically~*~*~ (hiding).
 38397 | Snake:2  | 38397 ||| Stepping ~*~*~tactically~*~*~ (hiding).
 38417 | Snake:2  | 38417 ||| INVOKING Apocalypse.
 38418 | Snake:2  | 38418 ||| FLEEEEING.
 38422 | Snake:2  | Noticed Mlioglotl
 38440 | Snake:2  | Killed Mlioglotl
 38441 | Snake:2  | 38441 ||| FLEEEEING.
 38708 | Snake:2  | 38708 ||| READING scroll of enchant weapon.
 38708 | Snake:2  | 38708 ||| ENCHANTING +7 broad axe of venom.
 38764 | Snake:2  | Noticed Frances
 38765 | Snake:2  | 38765 ||| INVOKING Apocalypse.
 38766 | Snake:2  | 38766 ||| FLEEEEING.
 38774 | Snake:2  | 38774 ||| STAIRDANCE
 38841 | Snake:2  | Killed Frances
 39350 | Snake:3  | 39350 ||| SWAPPING to +0 morningstar.
 39351 | Snake:3  | 39351 ||| Stepping ~*~*~tactically~*~*~ (outnumbered).
 39352 | Snake:3  | 39352 ||| Stepping ~*~*~tactically~*~*~ (outnumbered).
 39354 | Snake:3  | 39354 ||| Stepping ~*~*~tactically~*~*~ (outnumbered).
 39361 | Snake:3  | 39361 ||| INVOKING Apocalypse.
 39366 | Snake:3  | 39366 ||| SWAPPING to +8 broad axe of venom.
 39369 | Snake:3  | 39369 ||| FLEEEEING.
 39370 | Snake:3  | 39370 ||| FLEEEEING.
 39372 | Snake:3  | 39372 ||| FLEEEEING.
 39373 | Snake:3  | 39373 ||| FLEEEEING.
 39377 | Snake:3  | 39377 ||| FLEEEEING.
 39378 | Snake:3  | 39378 ||| FLEEEEING.
 39379 | Snake:3  | 39379 ||| FLEEEEING.
 39380 | Snake:3  | 39380 ||| FLEEEEING.
 39381 | Snake:3  | 39381 ||| FLEEEEING.
 39382 | Snake:3  | 39382 ||| FLEEEEING.
 39383 | Snake:3  | 39383 ||| FLEEEEING.
 39384 | Snake:3  | 39384 ||| FLEEEEING.
 39385 | Snake:3  | 39385 ||| FLEEEEING.
 39386 | Snake:3  | 39386 ||| FLEEEEING.
 39387 | Snake:3  | 39387 ||| FLEEEEING.
 39388 | Snake:3  | 39388 ||| FLEEEEING.
 39389 | Snake:3  | 39389 ||| FLEEEEING.
 39390 | Snake:3  | 39390 ||| FLEEEEING.
 39391 | Snake:3  | 39391 ||| FLEEEEING.
 39392 | Snake:3  | 39392 ||| FLEEEEING.
 39394 | Snake:3  | 39394 ||| FLEEEEING.
 39395 | Snake:3  | 39395 ||| FLEEEEING.
 39396 | Snake:3  | 39396 ||| FLEEEEING.
 39397 | Snake:3  | 39397 ||| FLEEEEING.
 39400 | Snake:3  | 39400 ||| FLEEEEING.
 39401 | Snake:3  | 39401 ||| FLEEEEING.
 39402 | Snake:3  | 39402 ||| FLEEEEING.
 39403 | Snake:3  | 39403 ||| FLEEEEING.
 39404 | Snake:3  | 39404 ||| FLEEEEING.
 39405 | Snake:3  | 39405 ||| FLEEEEING.
 39406 | Snake:3  | 39406 ||| FLEEEEING.
 39407 | Snake:3  | 39407 ||| FLEEEEING.
 39410 | Snake:3  | 39410 ||| SWAPPING to +0 morningstar.
 39412 | Snake:3  | 39412 ||| Stepping ~*~*~tactically~*~*~ (stealth).
 39413 | Snake:3  | 39413 ||| Stepping ~*~*~tactically~*~*~ (stealth).
 39416 | Snake:3  | 39416 ||| SWAPPING to +8 broad axe of venom.
 39734 | Snake:3  | 39734 ||| SWAPPING to +0 morningstar.
 39736 | Snake:3  | 39736 ||| Stepping ~*~*~tactically~*~*~ (stealth).
 39741 | Snake:3  | 39741 ||| SWAPPING to +8 broad axe of venom.
 39860 | Snake:3  | 39860 ||| INVOKING Apocalypse.
 40116 | Snake:3  | 40116 ||| Stepping ~*~*~tactically~*~*~ (water).
 40120 | Snake:3  | HP: 27/126 [anaconda (6)]
 40121 | Snake:3  | 40121 ||| READING 7 scrolls of teleportation.
 40122 | Snake:3  | 40122 ||| DRINKING potion of heal wounds.
 40248 | Snake:3  | Noticed a tentacled monstrosity
 40263 | Snake:3  | Killed a tentacled monstrosity
 40463 | Snake:3  | 40463 ||| Stepping ~*~*~tactically~*~*~ (stealth).
 40465 | Snake:3  | 40465 ||| Stepping ~*~*~tactically~*~*~ (stealth).
 40490 | Snake:3  | 40490 ||| FLEEEEING.
 40499 | Snake:3  | 40499 ||| Stepping ~*~*~tactically~*~*~ (stealth).
 40503 | Snake:3  | 40503 ||| Stepping ~*~*~tactically~*~*~ (stealth).
 40504 | Snake:3  | 40504 ||| Stepping ~*~*~tactically~*~*~ (stealth).
 40848 | Snake:3  | 40848 ||| PLANNING SHOALS:4
 40948 | Snake:3  | 40948 ||| DROPPING scarf of shadows.
 41129 | Shoals:4 | Entered Level 4 of the Shoals
 41132 | Shoals:4 | 41132 ||| Stepping ~*~*~tactically~*~*~ (hiding).
 41138 | Shoals:4 | 41138 ||| INVOKING Apocalypse.
 41147 | Shoals:4 | HP: 9/116 [merfolk javelineer/javelin (24)]
 41147 | Shoals:4 | Hit by a silver javelin thrown by a merfolk javelineer

Levels and vault maps discovered:
D:1:      matt_arrival_spirals, layout_loops_corners,
          dreamdust_ecumenical_altar_statues, serial_shops, nicolae_shop_crystal
D:2:      layout_basic, minmay_pentomino_o4, uniq_sigmund
D:3:      minmay_chambers_of_threes, layout_basic, mainiacjoe_overflow_alcove_2,
          nicolae_kite_square_tiling_tiny, skrybe_limestone_x
D:4:      layout_basic, grunt_decor_fettered, minivault_27
D:5:      layout_gridville, minmay_temple_entry_junction, gammafunk_ghost_split,
          hangedman_abyss_or_decor_lesser_grid, minmay_gold_behind_fungi,
          minmay_bent
D:6:      layout_cave_pods, mainiacjoe_overflow_catch_the_wave, tgw_sif,
          cheibrodos_sewer_entry_bend, serial_shops, shop
D:7:      layout_gridville, kennysheep_nub, moated_statue, uniq_menkaure,
          uniq_pikel
D:8:      layout_basic, serial_shops, shop, uniq_joseph
D:9:      layout_stronghold, kennysheep_slug_shrine
D:10:     layout_roguey, mainiacjoe_overflow_tiny_flanked, dpeg_lair_monsters,
          uniq_grum
D:11:     gammafunk_corrupted_shrine, layout_loops_corners,
          serial_co_window_serial, co_window_paths_a, co_window_corner_a,
          co_window_of_opportunity_a, co_window_paths_b, co_window_paths_a,
          co_window_paths_a, co_window_paths_b, co_window_corner_a,
          co_window_corner_a, co_window_of_opportunity_b,
          co_window_unsneaky_path_d, co_window_2corner, co_window_corner_cb,
          co_window_of_opportunity_b, co_window_corner_b, co_window_paths_c,
          glass_columns_a, pdpol_wu_jian_five_deadly_venoms, uniq_erica
D:12:     mludivico_vault, layout_small_grid, minmay_orc_entry_guard_dogs,
          uniq_snorg
D:13:     layout_cave_pools, david_vaults_2, enter_trove_6, minivault_14
D:14:     layout_basic, nicolae_wwwww
D:15:     hangedman_depths_entry_try_elsewhere_first, layout_cave_pools,
          nicolae_twisting_strands, minmay_unpleasant_kobolds
Temple:   eino_temple_scatter_basement
Lair:1:   dreamdust_labyrinth, layout_long_grid, hibernation_bobbens,
          serial_bayou_shore_a
Lair:2:   nzn_winding_woodlands_three_and_one
          [nzn_winding_woodlands_5x15_longhouse,
          nzn_winding_woodlands_5x15_lazy_stream,
          nzn_winding_woodlands_5x15_jagged,
          nzn_winding_woodlands_center_garden], layout_small_grid,
          elwin_shoals_entry_rocks, lemuel_fruit_fields, uniq_fannar
Lair:3:   layout_small_grid, dummy_snake_entry, grunt_megastairs_3
Lair:4:   layout_regular_city, serial_bayou, serial_bayou_pond_a,
          serial_bayou_lagoon_a, serial_bayou_pond_a, serial_bayou_crossing,
          fungi_pond_lemuel, infiniplex_staircase_pool
Lair:5:   due_jungle_book, layout_cave_pods, minmay_slime_entry_oklob_enclosed,
          grunt_megastairs_5, lemuel_fruit_tree
Shoals:1: layout_shoals, uniq_roxanne
Shoals:2: layout_shoals
Shoals:3: layout_shoals, uniq_ilsuiw
Shoals:4: shoals_end_grunt_ice, layout_shoals, uniq_mara
Snake:1:  layout_misc_corridors, portal_ice_cave_entry_ugly_swarm, serial_shops,
          nicolae_shop_hallway_plus
Snake:2:  layout_rooms, drop_trap, uniq_mlioglotl, uniq_frances
Snake:3:  onia_ninara_swampy_vault, layout_gridlike, drop_trap
Orc:1:    layout_caves, nicolae_orc_stony_grotto, mines5_lemuel
Orc:2:    pubby_orc_utopia, serial_shops

Skill      XL: |  1  2  3  4  5  6  7  8  9 10 11 12 13 14 15 |
---------------+----------------------------------------------+-----
Axes           | 3 4 5 7 16 18 18 19 | 19.0
Dodging        | 1 3 3 5 6 10 11 | 11.0
Fighting       | 4 5 6 11 11 13 15 16 17 | 17.0
Throwing       | 1 2 4 3 6 7 9 |  9.0
Armour         | 4 5 9 9 11 13 14 | 14.0
Shields        | 4 7 8 10 14 15 16 | 16.0

Action                   |  1- 3 |  4- 6 |  7- 9 | 10-12 | 13-15 || total
-------------------------+-------+-------+-------+-------+-------++-------
Melee: War axe           |    86 |    32 |   302 |     6 |       ||   426
       Headbutt          |     7 |     5 |    62 |   192 |   280 ||   546
       Broad axe         |       |       |   151 |   871 |  1310 ||  2332
       Morningstar       |       |       |       |     4 |    21 ||    25
Throw: Javelin           |       |       |    38 |     5 |    75 ||   118
       Boomerang         |       |       |    15 |    74 |    13 ||   102
Invok: Apocalypse        |       |       |     4 |    18 |    18 ||    40
       Sacrifice Experie |       |       |     2 |       |       ||     2
       Sacrifice Love    |       |       |     1 |       |       ||     1
       Draw Out Power    |       |       |       |     2 |       ||     2
       Sacrifice Skill   |       |       |       |     1 |       ||     1
       Sacrifice Stealth |       |       |       |     1 |       ||     1
  Use: Scroll            |     2 |     4 |    16 |    21 |    12 ||    55
       Potion            |       |     1 |     7 |     2 |     5 ||    15
 Stab: Paralysed         |       |       |     1 |     7 |    15 ||    23
       Distracted        |       |       |     1 |     4 |     6 ||    11
       Invisible         |       |       |       |     2 |    17 ||    19
Armor: Scale mail        |    36 |     7 |     6 |       |       ||    49
       Plate armour      |       |       |   101 |   165 |       ||   266
       Storm dragon scal |       |       |       |    71 |   335 ||   406
Dodge: Dodged            |    23 |     8 |   156 |   276 |   484 ||   947
Block: Buckler           |    19 |     4 |    51 |   134 |    14 ||   222
       Kite shield       |       |       |       |       |   602 ||   602

Table legend:
 A = Non-vault XP
 B = Vault XP
 C = Vault XP percentage of total XP
 D = Non-vault monster count
 E = Vault monster count
 F = Vault count percentage of total count
                 A         B        C        D         E       F
            +---------+---------+-------+---------+---------+-------
      Total |  180699 |   86120 |  32.3 |     700 |     346 |  33.1
            +---------+---------+-------+---------+---------+-------
        D:1 |      64 |       0 |   0.0 |      30 |       0 |   0.0
        D:2 |     113 |     227 |  66.8 |      22 |       4 |  15.4
        D:3 |     171 |     110 |  39.1 |      20 |      12 |  37.5
        D:4 |     189 |       3 |   1.6 |       8 |       1 |  11.1
        D:5 |     915 |     308 |  25.2 |      12 |       6 |  33.3
        D:6 |    1155 |      10 |   0.9 |      26 |       2 |   7.1
        D:7 |    1019 |     782 |  43.4 |      26 |       2 |   7.1
        D:8 |     637 |     475 |  42.7 |      11 |       1 |   8.3
        D:9 |    2571 |       4 |   0.2 |      31 |       1 |   3.1
       D:10 |    3070 |    3047 |  49.8 |      18 |      15 |  45.5
       D:11 |    6022 |     847 |  12.3 |      29 |       1 |   3.3
       D:12 |    5242 |    5002 |  48.8 |      19 |      15 |  44.1
       D:13 |    6807 |    1518 |  18.2 |      19 |       3 |  13.6
       D:14 |   13718 |       0 |   0.0 |      37 |       0 |   0.0
       D:15 |   13611 |    2349 |  14.7 |      37 |      10 |  21.3
     Lair:1 |    6347 |     468 |   6.9 |      26 |       1 |   3.7
     Lair:2 |    8781 |    3913 |  30.8 |      28 |      13 |  31.7
     Lair:3 |    6032 |    1718 |  22.2 |      25 |       8 |  24.2
     Lair:4 |    8928 |       0 |   0.0 |      38 |       0 |   0.0
     Lair:5 |   20251 |   13512 |  40.0 |      53 |      25 |  32.1
   Shoals:1 |   12188 |    1378 |  10.2 |      30 |       1 |   3.2
   Shoals:2 |   12332 |       0 |   0.0 |      27 |       0 |   0.0
   Shoals:3 |    8808 |    3973 |  31.1 |      21 |       5 |  19.2
   Shoals:4 |     155 |    1103 |  87.7 |       1 |       2 |  66.7
    Snake:1 |   18386 |    5993 |  24.6 |      38 |      10 |  20.8
    Snake:2 |    7513 |    3457 |  31.5 |      12 |       2 |  14.3
    Snake:3 |   10414 |   12779 |  55.1 |      21 |      18 |  46.2
      Orc:1 |    5260 |    1194 |  18.5 |      35 |       9 |  20.5
      Orc:2 |       0 |   21546 | 100.0 |       0 |     155 | 100.0
      Sewer |       0 |     404 | 100.0 |       0 |      24 | 100.0
            +---------+---------+-------+---------+---------+-------
